Workbook
Name \a: #REF!
Name \a: #REF!
Name \a: #REF!
Name \a: #REF!
Name \a: #REF!
Name \a: #REF!
Name \b: '[1]CUAD-DIURNA'!#REF!
Name \b: '[1]CUAD-DIURNA'!#REF!
Name \b: '[1]CUAD-DIURNA'!#REF!
Name \b: '[1]CUAD-DIURNA'!#REF!
Name \b: '[1]CUAD-DIURNA'!#REF!
Name \b: '[1]CUAD-DIURNA'!#REF!
Name \c: #REF!
Name \c: #REF!
Name \c: #REF!
Name \c: #REF!
Name \c: #REF!
Name \c: #REF!
Name \L: #REF!
Name \L: #REF!
Name \L: #REF!
Name \L: #REF!
Name \m: #REF!
Name \m: #REF!
Name \P: #REF!
Name \P: #REF!
Name \q: #REF!
Name \q: #REF!
Name \s: #REF!
Name \s: #REF!
Name \w: #N/A
Name \X: '1P'!ERR
Name \X: '2P'!ERR
Name \X: '630.7'!ERR
Name \X: '673.1.1'!ERR
Name \X: '673.2'!ERR
Name \X: [0]!ERR
Name \Z: '1P'!ERR
Name \Z: '2P'!ERR
Name \Z: '630.7'!ERR
Name \Z: '673.1.1'!ERR
Name \Z: '673.2'!ERR
Name \Z: [0]!ERR
Name _______________AFC1: [2]INV!$A$25:$D$28
Name _______________AFC3: [2]INV!$F$25:$I$28
Name _______________AFC5: [2]INV!$K$25:$N$28
Name _______________BGC1: [2]INV!$A$5:$D$8
Name _______________BGC3: [2]INV!$F$5:$I$8
Name _______________BGC5: [2]INV!$K$5:$N$8
Name _______________CAC1: [2]INV!$A$19:$D$22
Name _______________CAC3: [2]INV!$F$19:$I$22
Name _______________CAC5: [2]INV!$K$19:$N$22
Name _______________oa55: #REF!
Name _______________oa55: #REF!
Name _______________oa55: #REF!
Name _______________oa55: #REF!
Name _______________oa55: #REF!
Name _______________SBC1: [2]INV!$A$12:$D$15
Name _______________SBC3: [2]INV!$F$12:$I$15
Name _______________SBC5: [2]INV!$K$12:$N$15

Sheet PRESUPUESTO OFICIAL
C1: MUNICIPIO DE VILLA DE LEYVA – BOYACÁ NIT. 891.801.268-7 MONUMENTO NACIONAL PRESUPUESTO OFICIAL
A4: CONVENIO No. | C4: 2104 de 2020 | E4: MANTENIMIENTO, MEJORAMIENTO Y REHABILITACIÓN DEL CORREDOR RURAL "FINCA CAMPANARIO - ALTO DE LOS MIGUELES - POZO DE LA VIEJA”, EN CUMPLIMIENTO DEL CONVENIO INTERADMINISTRATIVO N° 2104 DE 2020, CELEBRADO ENTRE EL MUNICIPIO DE VILLA DE LEYVA Y EL INSTITUTO NACIONAL DE VÍAS - INVIAS, EN MARCO DEL PROGRAMA DEL COLOMBIA RURAL”
A5: No | B5: ITEM DE PAGO | C5: ESPECIFICACIONES | E5: DESCRIPCION | F5: UNID | G5: CANTIDAD | H5: VALOR UNITARIO | I5: VALOR TOTAL
C6: GENERAL 2018 | D6: PARTICULAR
A7: SECCIÓN 1 - ACTIVIDADES DE MEJORAMIENTO
B8: 1.1 | C8: CONSTRUCCIÓN DE 19 ALCANTARILLA.
A9: 1 | B9: 600.1.1 | C9: 600-13 | E9: EXCAVACIONES VARIAS SIN CLASIFICAR | F9: m3 | G9: 836 | H9: 15830 | I9: =ROUND(G9*H9,0) -> 13233880
A10: 2 | B10: 661.1 | C10: 661-13 | E10: TUBERÍA DE CONCRETO REFORZADO 21 MPA DE 900 MM DE DIAMETRO INTERIOR | F10: m | G10: 142.5 | H10: 590399 | I10: =ROUND(G10*H10,0) -> 84131858
A11: 3 | B11: 630.4P | D11: 630-4P | E11: CONCRETO RESISTENCIA 21MPA (D) FABRICADO EN SITU | F11: m3 | G11: 197.6 | H11: 623014 | I11: =ROUND(G11*H11,0) -> 123107566
A12: 4 | B12: 640.1 | C12: 640-13 | E12: ACERO DE REFUERZO FY 4200 MPA. | F12: kg | G12: 19570 | H12: 7730 | I12: =ROUND(G12*H12,0) -> 151276100
A13: 5 | B13: 610.1 | C13: 610-13 | E13: RELLENOS PARA ESTRUCTURAS CON SUELO. | F13: m3 | G13: 399 | H13: 52913 | I13: =ROUND(G13*H13,0) -> 21112287
A14: SUBTOTAL | I14: =SUM(I9:J13) -> 392861691
B15: 1.2 | C15: CONSTRUCCIÓN DE 1 BOX COULVERT: 3.0X3.0, L= 6 m
A16: 6 | B16: 600.1.1 | C16: 600-13 | E16: EXCAVACIONES VARIAS SIN CLASIFICAR | F16: m3 | G16: 285.38 | H16: 15830 | I16: =ROUND(G16*H16,0) -> 4517565
A17: 7 | B17: 630.7 | C17: 630-13 | E17: CONCRETO RESISTENCIA 14MPA (G) (CICLOPEO) | F17: m3 | G17: 3.41 | H17: 500223 | I17: =ROUND(G17*H17,0) -> 1705760
A18: 8 | B18: 630.4P | D18: 630-4P | E18: CONCRETO RESISTENCIA 21MPA (D) FABRICADO EN SITU | F18: m3 | G18: 36.17 | H18: 623014 | I18: =ROUND(G18*H18,0) -> 22534416
A19: 9 | B19: 640.1 | C19: 640-13 | E19: ACERO DE REFUERZO FY 4200 MPA. | F19: kg | G19: 5747.16 | H19: 7730 | I19: =ROUND(G19*H19,0) -> 44425547
A20: 10 | B20: 610.1 | C20: 610-13 | E20: RELLENOS PARA ESTRUCTURAS CON SUELO. | F20: m3 | G20: 75.6 | H20: 52913 | I20: =ROUND(G20*H20,0) -> 4000223
A21: SUBTOTAL | I21: =SUM(I16:J20) -> 77183511
B22: 1.3 | C22: CONSTRUCCION 200 m FILTRO DRENAJE
A23: 11 | B23: 600.1.1 | C23: 600-13 | E23: EXCAVACIONES VARIAS SIN CLASIFICAR | F23: m3 | G23: 120 | H23: 15830 | I23: =ROUND(G23*H23,0) -> 1899600
A24: 12 | B24: 6P | D24: 6P | E24: SUMINISTRO E INSTALACIÓN TUBERIA PVC D=4" | F24: ml | G24: 200 | H24: 25586 | I24: =ROUND(G24*H24,0) -> 5117200
A25: 13 | B25: 7P | D25: 7P | E25: CONSTRUCCION DE FILTROS A CUALQUIER PROFUNDIDAD, CON MATERIAL FILTRANTE SEGUN NORMA INVIAS, SIN EXCAVACION, INCLUYE GEOTEXTIL NT 2500 | F25: m3 | G25: 120 | H25: 254053 | I25: =ROUND(G25*H25,0) -> 30486360
A26: SUBTOTAL | I26: =SUM(I23:J25) -> 37503160
B27: 1.4 | C27: CONSTRUCCION 310 m CUNETAS EN CONCRETO
A28: 14 | B28: 600.1.1P | D28: 600.1.1P | E28: EXCAVACION MANUAL | F28: m3 | G28: 27.9 | H28: 75813 | I28: =ROUND(G28*H28,0) -> 2115183
A29: 15 | B29: 630.4P | D29: 630-4P | E29: CONCRETO RESISTENCIA 21MPA (D) FABRICADO EN SITU | F29: m3 | G29: 58.9 | H29: 623014 | I29: =ROUND(G29*H29,0) -> 36695525
A30: 16 | B30: 640.1 | C30: 640-13 | E30: ACERO DE REFUERZO FY 4200 MPA. | F30: kg | G30: 1805.44 | H30: 7730 | I30: =ROUND(G30*H30,0) -> 13956051
A31: SUBTOTAL | I31: =SUM(I28:J30) -> 52766759
A32: SECCIÓN 2 - ACTIVIDADES DE MANTENIMIENTO PERIODICO
A33: 17 | B33: 310.1 | C33: 310-13 | E33: CONFORMACIÓN DE LA CALZADA EXISTENTE | F33: m2 | G33: 3000 | H33: 1218 | I33: =ROUND(G33*H33,0) -> 3654000
A34: 18 | B34: 311.1 | C34: 300-13 | E34: AFIRMADO | F34: m3 | G34: 341.5 | H34: 82785 | I34: =ROUND(G34*H34,0) -> 28271078
A35: SUBTOTAL | I35: =SUM(I33:J34) -> 31925078
A36: SECCIÓN 3 - ACTIVIDADES DE MANTENIMIENTO RUTINARIO
A37: 19 | B37: 3P | D37: 3P | E37: LIMPIEZA DE ALCANTARILLAS CON DIAMETRO MENOR O IGUAL A 36", INCLUYE RECTIFICACION DE DESCOLES | F37: UND | G37: 5 | H37: 195865 | I37: 979325
A38: 20 | B38: 4P | D38: 4P | E38: LIMPIEZA DE CUNETAS EN TIERRA CON RECTIFICACION DE SALIDAS Y DESCOLES | F38: ML | G38: 436 | H38: 1257 | I38: 548052
A39: 21 | B39: 5P | D39: 5P | E39: ROCERIA A CADA LADO DE LA VIA y/o ZONAS NECESARIAS PARA BUENA VISIBILIDAD | F39: HA | G39: 1 | H39: 456034 | I39: 456034
A40: SUBTOTAL | I40: =SUM(I37:J39) -> 1983411
A41: SECCIÓN 4 - PROTOCOLO BIOSEGURIDAD
A42: 22 | B42: 102.1P | D42: 102.1P | E42: IMPLEMENTACION DEL PROTOCOLO DE BIOSEGURIDAD POR COVID -19 | F42: GL | G42: 1 | H42: 1512644 | I42: 1512644
A43: SUBTOTAL | I43: =SUM(I42) -> 1512644
A44: SECCIÓN 5 - ACTIVIDADES DE CONSULTORIA
A45: 23 | B45: 1P | D45: 1P | E45: CARACTERIZACIÓN DEL CORREDOR VIAL POSTULADO | F45: km | G45: 4.6 | H45: 347750 | I45: 1599650
A46: 24 | B46: 2P | D46: 2P | E46: REVISION y/o AJUSTE DE ESTUDIOS Y DISEÑOS BASE | F46: GL | G46: 1 | H46: 5385860 | I46: 5385860
A47: SUBTOTAL | I47: =SUM(I45:J46) -> 6985510
A48: SUB-TOTAL BÁSICO DE OBRA = (A) | I48: =ROUND(+I35+I14+I21+I40+I43+I26+I31,0) -> 595736254
A49: OBRAS DE COMPENSACIÓN AMBIENTAL Y/O COMPLEMENTARIAS = ( B ) | I49: =ROUND(+I48*1%,0)-6374 -> 5950989
A50: VALOR BASICO OBRA A+B = ( C ) | I50: =ROUND(I48+I49,0) -> 601687243
A51: VALOR BASICO ACTIVIDADES DE CONSULTORIA-SECCION 4 = ( D ) | I51: =+I47 -> 6985510
A52: VALOR IVA ACTIVIDADES DE CONSULTORIA (19% *D = ( E ) | I52: =ROUND(I51*19%,0) -> 1327247
A53: VALOR TOTAL = C+D+ E ( AIU = 30%, I = 5%, U = 5%) | I53: =+I50+I51+I52 -> 610000000
A56: NOTA 1: Se debe tener en cuenta que el PRECIO UNITARIO incluye el valor de A.I.U. | F56: DESCRIPCION | I56: PORCENTAJE
A57: NOTA 2: Cuando la fracción decimal del peso sea igual o superior a 5 se aproximará por exceso al número entero siguiente del peso y cuando la fracción decimal del peso sea inferior a 5 se aproximará por defecto al número entero del peso. | F57: ADMINISTRACIÓN | H57: A= | I57: 0.2
A58: NOTA 3: El A.I.U y su discriminación deben estar en porcentaje (%). | F58: IMPREVISTO | H58: I= | I58: 0.05
F59: UTILIDAD | H59: U= | I59: 0.05
F60: TOTAL A.I.U | H60: A.I.U.= | I60: 0.3
A63: NOTAS
A64: 1. En la SECCIÓN 1 y SECCION 2, se presentan las actividades de mejoramiento y de mantenimiento periodico, teniendo en cuenta el valor asignado para cada una en el convenio.
A65: 2. En la SECCIÓN 4, se presenta el rubro disponible para IMPLEMENTACION DEL PROTOCOLO DE BIOSEGURIDAD POR COVID -19 (REEMBOLSO DE GASTOS). La provisión de recursos para la implementación del protocolo de bioseguridad requerido para contratos de obra en la CIRCULAR CONJUNTA 003 del 8 de abril de 2020, adoptada por INVIAS mediante Circular Externa No.02 del 13 de abril de 2010, es un valor fijo; es decir, no puede ser modificado. Su ejecución se realizará de acuerdo con lo establecido en la Circular Externa No.003 de fecha 7 de mayo y su complemento del 13 de mayo de 2020. El pago por este concepto se incluirá en las actas parciales de obra, de acuerdo con lo que se establece en la especificación particular INVIAS 102.1P Implementación del Protocolo de Bioseguridad.
A66: 3. En la SECCIÓN 5, se presentan las actividades de CONSULTORIA, que incluye: a.- Caracterización vial del corredor, conforme a la Resolución vigente, para la longitud postulada. b.- Revisión y/o Ajuste de Estudios y Diseños Base, calculado en forma particular según las obras que lo requieran, tales como: Construcción de alcantarillas, filtros, Box Culvert y cunetas.
A67: 4. El valor del item de “IMPLEMENTACION DEL PROTOCOLO DE BIOSEGURIDAD POR COVID -19 (REEMBOLSO DE GASTOS)", se suma con el básico de obra, porque tiene la misma característica de estar exento de IVA.
A68: 5. Los valores calculados para los ítems: "Revisión y/o ajuste de estudios y diseños base", "Obras de compensación ambiental y/o complementarias", e "Implementación del protocolo de Bioseguridad por covid-19, son fijos, no se pueden modificar.
A69: 6. El valor de cada item incluye costo directo + indirecto (AIU del 30%, I= 5%, U=5%), excepto el item de implementación del Protocolo de Bioseguridad en el que solo se considera el 2,5% por administración, tal como lo especifica la Circular externa No.03 del 7 de mayo, el complemento del 13 de mayo
A70: 7. Los valores de los materiales de obra y tarifas de maquinaria y equipos se revisan y proponen de acuerdo con los que se manejan comercialmente en la zona objeto del contrato.
A71: 8. Para el transporte de materiales se toma la distancia de acarreo a las fuentes de materiales autorizadas en la zona, que para el caso particular transporte de agregados de concreto(, gravilla y piedra ) y sub base 26,5 km (Cucaita), Arena lavada = 9,0 km(Depositos casco urbano Villa De Leyva), transporte del afirmado de la zona 1 km, el transporte de la tuberia de concreto reforzado se tomo desde Tunja 48,7 km.
A72: 9. El valor de las obras de compensación ambiental y/o complementarias, corresponden aproximadamente al 1% sobre el valor básico de obra.
A73: 10. Según Art. 100 de la Ley 21 de 1992, la contratación de obra por parte de los Entes Territoriales está excluida de IVA, razón por la cual no se incluye IVA de obra en el presente presupuesto.
A74: 11. Teniendo en cuenta el Manual de Señalización Vial - Dispositivos uniformes para la Regulación del Tránsito en Calles, Carreteras y Ciclorrutas de Colombia, adoptado mediante Resolución No. 0001885 del 17 de junio de 2015 del Ministerio de Transporte, se aclara que el aparte de SEÑALIZACIÓN se debe ajustar a todo su contenido, esta señalización debe colocarse desde la órden de iniciación del contrato.
... A80: 17. La sección hidráulica de filtro y demás obras de drenaje deberá ser determinada en la etapa de revisión y ajuste a los estudios y diseños, por los profesionales de obra e interventoría de acuerdo a las necesidades identificadas por las partes, las alcantarillas contempladas para el proyecto son mínimo de 36”.
D84: Firma
D85: Nombre:
D86: Profesional

Sheet PROPUESTA ECONOMICA OK 
C1: MUNICIPIO DE VILLA DE LEYVA – BOYACÁ NIT. 891.801.268-7 MONUMENTO NACIONAL PROPUESTA ECONOMICA
A4: CONVENIO No. | C4: 2104 de 2020 | E4: MANTENIMIENTO, MEJORAMIENTO Y REHABILITACIÓN DEL CORREDOR RURAL "FINCA CAMPANARIO - ALTO DE LOS MIGUELES - POZO DE LA VIEJA”, EN CUMPLIMIENTO DEL CONVENIO INTERADMINISTRATIVO N° 2104 DE 2020, CELEBRADO ENTRE EL MUNICIPIO DE VILLA DE LEYVA Y EL INSTITUTO NACIONAL DE VÍAS - INVIAS, EN MARCO DEL PROGRAMA DEL COLOMBIA RURAL”
A5: No | B5: ITEM DE PAGO | C5: ESPECIFICACIONES | E5: DESCRIPCION | F5: UNID | G5: CANTIDAD | H5: VALOR UNITARIO | I5: VALOR TOTAL
C6: GENERAL 2018 | D6: PARTICULAR
A7: SECCIÓN 1 - ACTIVIDADES DE MEJORAMIENTO
B8: 1.1 | C8: CONSTRUCCIÓN DE 19 ALCANTARILLA.
A9: 1 | B9: 600.1.1 | C9: 600-13 | E9: EXCAVACIONES VARIAS SIN CLASIFICAR | F9: m3 | G9: 836
A10: 2 | B10: 661.1 | C10: 661-13 | E10: TUBERÍA DE CONCRETO REFORZADO 21 MPA DE 900 MM DE DIAMETRO INTERIOR | F10: m | G10: 142.5
A11: 3 | B11: 630.4P | D11: 630-4P | E11: CONCRETO RESISTENCIA 21MPA (D) FABRICADO EN SITU | F11: m3 | G11: 197.6
A12: 4 | B12: 640.1 | C12: 640-13 | E12: ACERO DE REFUERZO FY 4200 MPA. | F12: kg | G12: 19570
A13: 5 | B13: 610.1 | C13: 610-13 | E13: RELLENOS PARA ESTRUCTURAS CON SUELO. | F13: m3 | G13: 399
A14: SUBTOTAL
B15: 1.2 | C15: CONSTRUCCIÓN DE 1 BOX COULVERT: 3.0X3.0, L= 6 m
A16: 6 | B16: 600.1.1 | C16: 600-13 | E16: EXCAVACIONES VARIAS SIN CLASIFICAR | F16: m3 | G16: 285.38
A17: 7 | B17: 630.7 | C17: 630-13 | E17: CONCRETO RESISTENCIA 14MPA (G) (CICLOPEO) | F17: m3 | G17: 3.41
A18: 8 | B18: 630.4P | D18: 630-4P | E18: CONCRETO RESISTENCIA 21MPA (D) FABRICADO EN SITU | F18: m3 | G18: 36.17
A19: 9 | B19: 640.1 | C19: 640-13 | E19: ACERO DE REFUERZO FY 4200 MPA. | F19: kg | G19: 5747.16
A20: 10 | B20: 610.1 | C20: 610-13 | E20: RELLENOS PARA ESTRUCTURAS CON SUELO. | F20: m3 | G20: 75.6
A21: SUBTOTAL
B22: 1.3 | C22: CONSTRUCCION 200 m FILTRO DRENAJE
A23: 11 | B23: 600.1.1 | C23: 600-13 | E23: EXCAVACIONES VARIAS SIN CLASIFICAR | F23: m3 | G23: 120
A24: 12 | B24: 6P | D24: 6P | E24: SUMINISTRO E INSTALACIÓN TUBERIA PVC D=4" | F24: ml | G24: 200
A25: 13 | B25: 7P | D25: 7P | E25: CONSTRUCCION DE FILTROS A CUALQUIER PROFUNDIDAD, CON MATERIAL FILTRANTE SEGUN NORMA INVIAS, SIN EXCAVACION, INCLUYE GEOTEXTIL NT 2500 | F25: m3 | G25: 120
A26: SUBTOTAL
B27: 1.4 | C27: CONSTRUCCION 310 m CUNETAS EN CONCRETO
A28: 14 | B28: 600.1.1P | D28: 600.1.1P | E28: EXCAVACION MANUAL | F28: m3 | G28: 27.9
A29: 15 | B29: 630.4P | D29: 630-4P | E29: CONCRETO RESISTENCIA 21MPA (D) FABRICADO EN SITU | F29: m3 | G29: 58.9
A30: 16 | B30: 640.1 | C30: 640-13 | E30: ACERO DE REFUERZO FY 4200 MPA. | F30: kg | G30: 1805.44
A31: SUBTOTAL
A32: SECCIÓN 2 - ACTIVIDADES DE MANTENIMIENTO PERIODICO
A33: 17 | B33: 310.1 | C33: 310-13 | E33: CONFORMACIÓN DE LA CALZADA EXISTENTE | F33: m2 | G33: 3000
A34: 18 | B34: 311.1 | C34: 300-13 | E34: AFIRMADO | F34: m3 | G34: 341.5
A35: SUBTOTAL
A36: SECCIÓN 3 - ACTIVIDADES DE MANTENIMIENTO RUTINARIO
A37: 19 | B37: 3P | D37: 3P | E37: LIMPIEZA DE ALCANTARILLAS CON DIAMETRO MENOR O IGUAL A 36", INCLUYE RECTIFICACION DE DESCOLES | F37: UND | G37: 5
A38: 20 | B38: 4P | D38: 4P | E38: LIMPIEZA DE CUNETAS EN TIERRA CON RECTIFICACION DE SALIDAS Y DESCOLES | F38: ML | G38: 436
A39: 21 | B39: 5P | D39: 5P | E39: ROCERIA A CADA LADO DE LA VIA y/o ZONAS NECESARIAS PARA BUENA VISIBILIDAD | F39: HA | G39: 1
A40: SUBTOTAL
A41: SECCIÓN 4 - PROTOCOLO BIOSEGURIDAD
A42: 22 | B42: 102.1P | D42: 102.1P | E42: IMPLEMENTACION DEL PROTOCOLO DE BIOSEGURIDAD POR COVID -19 | F42: GL | G42: 1
A43: SUBTOTAL
A44: SECCIÓN 5 - ACTIVIDADES DE CONSULTORIA
A45: 23 | B45: 1P | D45: 1P | E45: CARACTERIZACIÓN DEL CORREDOR VIAL POSTULADO | F45: km | G45: 4.6
A46: 24 | B46: 2P | D46: 2P | E46: REVISION y/o AJUSTE DE ESTUDIOS Y DISEÑOS BASE | F46: GL | G46: 1
A47: SUBTOTAL
A48: SUB-TOTAL BÁSICO DE OBRA = (A)
A49: OBRAS DE COMPENSACIÓN AMBIENTAL Y/O COMPLEMENTARIAS = ( B )
A50: VALOR BASICO OBRA A+B = ( C )
A51: VALOR BASICO ACTIVIDADES DE CONSULTORIA-SECCION 4 = ( D )
A52: VALOR IVA ACTIVIDADES DE CONSULTORIA (19% *D = ( E )
A53: VALOR TOTAL = C+D+ E
A56: NOTA 1: Se debe tener en cuenta que el PRECIO UNITARIO incluye el valor de A.I.U. | F56: DESCRIPCION | I56: PORCENTAJE
A57: NOTA 2: Cuando la fracción decimal del peso sea igual o superior a 5 se aproximará por exceso al número entero siguiente del peso y cuando la fracción decimal del peso sea inferior a 5 se aproximará por defecto al número entero del peso. | F57: ADMINISTRACIÓN | H57: A=
A58: NOTA 3: El A.I.U y su discriminación deben estar en porcentaje (%). | F58: IMPREVISTO | H58: I=
F59: UTILIDAD | H59: U=
F60: TOTAL A.I.U | H60: A.I.U.=
A63: NOTAS
A64: 1. En la SECCIÓN 1 y SECCION 2, se presentan las actividades de mejoramiento y de mantenimiento periodico, teniendo en cuenta el valor asignado para cada una en el convenio.
A65: 2. En la SECCIÓN 4, se presenta el rubro disponible para IMPLEMENTACION DEL PROTOCOLO DE BIOSEGURIDAD POR COVID -19 (REEMBOLSO DE GASTOS). La provisión de recursos para la implementación del protocolo de bioseguridad requerido para contratos de obra en la CIRCULAR CONJUNTA 003 del 8 de abril de 2020, adoptada por INVIAS mediante Circular Externa No.02 del 13 de abril de 2010, es un valor fijo; es decir, no puede ser modificado. Su ejecución se realizará de acuerdo con lo establecido en la Circular Externa No.003 de fecha 7 de mayo y su complemento del 13 de mayo de 2020. El pago por este concepto se incluirá en las actas parciales de obra, de acuerdo con lo que se establece en la especificación particular INVIAS 102.1P Implementación del Protocolo de Bioseguridad.
A66: 3. En la SECCIÓN 5, se presentan las actividades de CONSULTORIA, que incluye: a.- Caracterización vial del corredor, conforme a la Resolución vigente, para la longitud postulada. b.- Revisión y/o Ajuste de Estudios y Diseños Base, calculado en forma particular según las obras que lo requieran, tales como: Construcción de alcantarillas, filtros, Box Culvert y cunetas.
A67: 4. El valor del item de “IMPLEMENTACION DEL PROTOCOLO DE BIOSEGURIDAD POR COVID -19 (REEMBOLSO DE GASTOS)", se suma con el básico de obra, porque tiene la misma característica de estar exento de IVA.
A68: 5. Los valores calculados para los ítems: "Revisión y/o ajuste de estudios y diseños base", "Obras de compensación ambiental y/o complementarias", e "Implementación del protocolo de Bioseguridad por covid-19, son fijos, no se pueden modificar.
A69: 6. El valor de cada item incluye costo directo + indirecto (AIU del 30%, I= 5%, U=5%), excepto el item de implementación del Protocolo de Bioseguridad en el que solo se considera el 2,5% por administración, tal como lo especifica la Circular externa No.03 del 7 de mayo, el complemento del 13 de mayo
A70: 7. Los valores de los materiales de obra y tarifas de maquinaria y equipos se revisan y proponen de acuerdo con los que se manejan comercialmente en la zona objeto del contrato.
A71: 8. Para el transporte de materiales se toma la distancia de acarreo a las fuentes de materiales autorizadas en la zona, que para el caso particular transporte de agregados de concreto(, gravilla y piedra ) y sub base 26,5 km (Cucaita), Arena lavada = 9,0 km(Depositos casco urbano Villa De Leyva), transporte del afirmado de la zona 1 km, el transporte de la tuberia de concreto reforzado se tomo desde Tunja 48,7 km.
A72: 9. El valor de las obras de compensación ambiental y/o complementarias, corresponden aproximadamente al 1% sobre el valor básico de obra.
A73: 10. Según Art. 100 de la Ley 21 de 1992, la contratación de obra por parte de los Entes Territoriales está excluida de IVA, razón por la cual no se incluye IVA de obra en el presente presupuesto.
A74: 11. Teniendo en cuenta el Manual de Señalización Vial - Dispositivos uniformes para la Regulación del Tránsito en Calles, Carreteras y Ciclorrutas de Colombia, adoptado mediante Resolución No. 0001885 del 17 de junio de 2015 del Ministerio de Transporte, se aclara que el aparte de SEÑALIZACIÓN se debe ajustar a todo su contenido, esta señalización debe colocarse desde la órden de iniciación del contrato.
... A80: 17. La sección hidráulica de filtro y demás obras de drenaje deberá ser determinada en la etapa de revisión y ajuste a los estudios y diseños, por los profesionales de obra e interventoría de acuerdo a las necesidades identificadas por las partes, las alcantarillas contempladas para el proyecto son mínimo de 36”.
D84: Firma
D85: Nombre R/L:

Sheet 1P
B1: MUNICIPIO DE VILLA DE LEYVA – BOYACÁ NIT. 891.801.268-7 MONUMENTO NACIONAL
K4: FECHA | L4: 29 | M4: 4 | N4: 2020
L5: (Día) | M5: (Mes) | N5: (Año)
B6: ITEMS DE LA PROPUESTA ECONÓMICA | I6: ITEMS NO PREVISTOS
B8: ENTIDAD EJECUTORA: | D8: MUNICIPIO DE VILLA DE LEYVA | J8: DIRECCIÓN TERRITORIAL: | K8: BOYACA
B11: OBJETO DEL CONTRATO: | E11: =+'PRESUPUESTO OFICIAL'!E4:J4 -> MANTENIMIENTO, MEJORAMIENTO Y REHABILITACIÓN DEL CORREDOR RURAL "FINCA CAMPANARIO - ALTO DE LOS MIGUELES - POZO DE LA VIEJA”, EN CUMPLIMIENTO DEL CONVENIO INTERADMINISTRATIVO N° 2104 DE 2020, CELEBRADO ENTRE EL MUNICIPIO DE VILLA DE LEYVA Y EL INSTITUTO NACIONAL DE VÍAS - INVIAS, EN MARCO DEL PROGRAMA DEL COLOMBIA RURAL”
B14: CORREDOR: | C14: FINCA CAMPANARIO - ALTO DE LOS MIGUELES - POZO DE LA VIEJA | J14: SECTOR: | K14: =+'PRESUPUESTO OFICIAL'!N54 -> 0
B16: MUNICIPIO: | C16: VILLA DE LEYVA
B18: INTERVENTOR: | K18: CTO No.: | M18: DE
B20: DATOS ESPECÍFICOS
B22: ITEM | C22: DESCRIPCIÓN | L22: UNIDAD | N22: CANTIDAD
B23: 1P | C23: Caracterización Vial | L23: Km
B25: I. EQUIPO
B26: DESCRIPCIÓN | I26: TIPO | K26: TARIFA/DIA | L26: RENDIMIENTO | N26: Vr. UNITARIO
B27: GPS DE PRECISIÓN SUBMETRICA | K27: 265000 | L27: 2 | N27: =+ROUND(K27/L27,2) -> 132500
B28: EQUIPO DE COMPUTO (Receptora y Post-Proceso) | K28: 35000 | L28: 1 | N28: =+ROUND(K28/L28,2) -> 35000
B29: CAMIONETA (Superior a 2000 c.c.) | K29: 200000 | L29: 2 | N29: =+ROUND(K29/L29,2) -> 100000
B31: SUBTOTAL $ | N31: =ROUND(SUM(N27:N30),2) -> 267500
B32: II. MATERIALES
B33: DESCRIPCIÓN | J33: UNIDAD | K33: CANTIDAD | L33: PRECIO UNIT. | N33: Vr. UNITARIO
N34: =+L34*K34 -> 0
B35: SUBTOTAL $ | N35: =+SUM(N34:N34) -> 0
B36: III. TRANSPORTES
B37: MATERIAL | H37: UNIDAD | I37: CANTIDAD (1) | J37: DISTANCIA (2) | K37: (1) * (2) | L37: TARIFA | N37: Vr. UNITARIO
N38: =ROUND(K38*L38,2) -> 0
B39: SUBTOTAL $ | N39: =ROUND((N38),2) -> 0
B40: IV. MANO DE OBRA
B41: TRABAJADOR | I41: JORNAL | J41: PRESTACIONES (%) | K41: JORNAL TOTAL | L41: RENDIMIENTO | N41: Vr. UNITARIO
B42: Topógrafo | I42: 86502.36 | J42: 1.85 | K42: =ROUND(I42*J42,2) -> 160029.37 | L42: 2 | N42: =IFERROR(ROUND(K42/L42,2),0) -> 80014.69
B43: Cadenero | I43: 37484.36 | J43: 1.85 | K43: =ROUND(I43*J43,2) -> 69346.07 | L43: 2 | N43: =IFERROR(ROUND(K43/L43,2),0) -> 34673.04
B44: Profesional SIG | I44: 49800 | J44: 1.85 | K44: =ROUND(I44*J44,2) -> 92130 | L44: 1 | N44: =IFERROR(ROUND(K44/L44,2),0) -> 92130
B47: TOTAL COSTO DIRECTO $ | N47: =ROUND(N31+N35+N39+N45,2) -> 267500
B49: V. COSTOS INDIRECTOS
B50: Descripción | K50: Porcentaje | L50: Valor Total
B51: ADMINISTRACION | K51: 0.2 | L51: =ROUND(N47*K51,2) -> 53500
B52: IMPREVISTOS | K52: 0.05 | L52: =ROUND(N47*K52,2) -> 13375
B53: UTILIDAD | K53: 0.05 | L53: =ROUND(N47*K53,2) -> 13375
B54: SUBTOTAL $ | N54: =SUM(L51:M53) -> 80250
B56: Precio Unitario Total Aproximado al Peso $ | N56: =ROUND(N47+N54,0) -> 347750
E61: Firma
E62: Nombre:
E63: Profesional
E64: Matricula No. :
B66: OBSERVACIONES INTERVENTORÍA:
B71: APROBACIÓN POR INTERVENTORÍA
B72: Nota 1: Cuando se trate de Análisis de precios unitarios correspondientes a ítems de la propuesta económica aprobada, el Interventor aprueba el desglose de los componentes manteniendo el mismo precio unitario de cada ítem, cumpliendo con las especificaciones de construcción vigentes para el proyecto.
B74: Nota 2: Cuando se trate de Análisis de precios unitarios de ítems no previstos, el Interventor aprueba el desglose y precio unitario de cada ítem no previsto, exigiendo la aplicación de los costos correspondientes a insumos y tarifas de la propuesta económica inicial cuando estén contemplados, cumpliendo con las especificaciones de construcción vigente para el proyecto.
E79: Firma
E80: Nombre:
E81: Representante Legal del Interventor o su Apoderado
E82: Matricula No. :

Sheet 2P
B2: MUNICIPIO DE VILLA DE LEYVA – BOYACÁ NIT. 891.801.268-7 MONUMENTO NACIONAL
A5: CONVENIO No. | B5: =+'PRESUPUESTO OFICIAL'!E4 -> MANTENIMIENTO, MEJORAMIENTO Y REHABILITACIÓN DEL CORREDOR RURAL "FINCA CAMPANARIO - ALTO DE LOS MIGUELES - POZO DE LA VIEJA”, EN CUMPLIMIENTO DEL CONVENIO INTERADMINISTRATIVO N° 2104 DE 2020, CELEBRADO ENTRE EL MUNICIPIO DE VILLA DE LEYVA Y EL INSTITUTO NACIONAL DE VÍAS - INVIAS, EN MARCO DEL PROGRAMA DEL COLOMBIA RURAL”
A6: 2104 de 2020
A7: ITEM: 2P
A8: PERSONAL PROFESIONAL | B8: HONORARIO MENSUAL / Vr. Unitario | C8: PARTICIPACIÓN (h-mes) | D8: VALOR PARCIAL ($)
A9: Especialista en vías y tránsito | B9: 5385860 | C9: 0 | D9: =+B9*C9 -> 0
A10: Especialista ambiental | B10: 5385860 | C10: 0 | D10: =+B10*C10 -> 0
A11: Especialista en estructuras | B11: 5385860 | C11: 0.5 | D11: =+B11*C11 -> 2692930
A12: Especialista en hidráulica e hidrología | B12: 5385860 | C12: 0.5 | D12: =+B12*C12 -> 2692930
A13: Especialista en Geotecnia y Pavimentos | B13: 5385860 | C13: 0 | D13: =+B13*C13 -> 0
A14: COSTOS DE ALQUILER DE EQUIPOS Y OFICINA
A15: Camioneta o campero de más de 2000 c. c. modelo 2012 a 2017 (incluye conductor, peajes y combustible) | B15: 5273500 | C15: 0 | D15: =+B15*C15 -> 0
A16: Trabajo de topografía (incluye personal, equipo y transporte) | B16: 6148000 | C16: 0 | D16: =+B16*C16 -> 0
A17: Ensayos de laboratorio de suelos, pavimentos y concretos | B17: 1271270 | C17: 0 | D17: =+B17*C17 -> 0
B18: TOTAL COSTOS | D18: =SUM(D9:D17) -> 5385860
B19: TOTAL | D19: =ROUND(D18,0) -> 5385860
B24: Firma
B25: Nombre:
B26: Profesional
B27: Matricula No. :

Sheet 3P
A1: ='1P'!$B$1 -> MUNICIPIO DE VILLA DE LEYVA – BOYACÁ NIT. 891.801.268-7 MONUMENTO NACIONAL
J4: FECHA
K5: (Día) | L5: (Mes) | M5: (Año)
A6: ITEMS DE LA PROPUESTA ECONÓMICA | H6: ITEMS NO PREVISTOS
A8: ENTIDAD EJECUTORA: | C8: MUNICIPIO DE VILLA DE LEYVA | I8: DIRECCIÓN TERRITORIAL: | J8: BOYACA
A12: OBJETO DEL CONTRATO: | D12: =+'600.1.1'!E11 -> MANTENIMIENTO, MEJORAMIENTO Y REHABILITACIÓN DEL CORREDOR RURAL "FINCA CAMPANARIO - ALTO DE LOS MIGUELES - POZO DE LA VIEJA”, EN CUMPLIMIENTO DEL CONVENIO INTERADMINISTRATIVO N° 2104 DE 2020, CELEBRADO ENTRE EL MUNICIPIO DE VILLA DE LEYVA Y EL INSTITUTO NACIONAL DE VÍAS - INVIAS, EN MARCO DEL PROGRAMA DEL COLOMBIA RURAL”
B15: ='1P'!$C$14 -> FINCA CAMPANARIO - ALTO DE LOS MIGUELES - POZO DE LA VIEJA
A16: CORREDOR: | I16: SECTOR: | J16: =+'PRESUPUESTO OFICIAL'!N54 -> 0
A18: MUNICIPIO: | B18: ='1P'!$C$16 -> VILLA DE LEYVA
A23: DATOS ESPECÍFICOS
A25: ITEM | B25: DESCRIPCIÓN | K25: UNIDAD | M25: CANTIDAD
A26: ITEM | B26: DESCRIPCIÓN | K26: UNIDAD | M26: CANTIDAD
A27: 3P | B27: Limpieza de Alcantarillas con diametro menor o igual a 36", incluye rectificación de descoles | K27: UND
A29: I. EQUIPO
A30: DESCRIPCIÓN | H30: TIPO | J30: TARIFA/HORA | K30: RENDIMIENTO | M30: Vr. UNITARIO
A31: Herramienta Menor (%) | K31: 0.05 | M31: =ROUND(K31*M49,2) -> 7003.41
A34: SUBTOTAL $ | M34: =ROUND(SUM(M31:M33),2) -> 7003.41
A35: II. MATERIALES
A36: DESCRIPCIÓN | I36: UNIDAD | J36: CANTIDAD | K36: PRECIO UNIT. | M36: Vr. UNITARIO
M37: =+J37*K37 -> 0
M38: =+J38*K38 -> 0
A39: SUBTOTAL $ | M39: =+SUM(M37:M38) -> 0
A40: III. TRANSPORTES
A41: MATERIAL | G41: UNIDAD | H41: CANTIDAD (1) | I41: DISTANCIA (2) | J41: (1) * (2) | K41: TARIFA | M41: Vr. UNITARIO
A42: Material Desmontado | G42: m3/km | H42: 2.7 | I42: 1 | J42: =+H42*I42 -> 2.7 | K42: =+insumos!D3 -> 1331 | M42: =ROUND(K42*J42,2) -> 3593.7
A44: SUBTOTAL $ | M44: =ROUND((M42),2) -> 3593.7
A45: IV. MANO DE OBRA
A46: TRABAJADOR | H46: JORNAL | I46: PRESTACIONES (%) | J46: JORNAL TOTAL | K46: RENDIMIENTO | M46: Vr. UNITARIO
A47: Obrero (2) | H47: =insumos!B45*2 -> 60570 | I47: 185 | J47: =H47*I47/100 -> 112054.5 | K47: 0.8 | M47: =ROUND((J47/K47),2) -> 140068.13
A49: SUBTOTAL $ | M49: =ROUND(SUM(M47:M47),2) -> 140068.13
A51: TOTAL COSTO DIRECTO $ | M51: =ROUND(M34+M39+M44+M49,2) -> 150665.24
A53: V. COSTOS INDIRECTOS
A54: Descripción | J54: Porcentaje | K54: Valor Total
A55: ADMINISTRACION | J55: 0.2 | K55: =ROUND(M51*J55,2) -> 30133.05
A56: IMPREVISTOS | J56: 0.05 | K56: =ROUND(M51*J56,2) -> 7533.26
A57: UTILIDAD | J57: 0.05 | K57: =ROUND(M51*J57,2) -> 7533.26
A58: SUBTOTAL $ | M58: =ROUND(K55+K56+K57,2) -> 45199.57
A60: Precio Unitario Total Aproximado al Peso $ | M60: =ROUND(M51+M58,0) -> 195865
D65: Firma
D66: Nombre:
D67: Representante Legal del Contratista o su Apoderado
D68: Matricula No. :
A70: OBSERVACIONES INTERVENTORÍA:
A76: APROBACIÓN POR INTERVENTORÍA
A77: Nota 1: Cuando se trate de Análisis de precios unitarios correspondientes a ítems de la propuesta económica aprobada, el Interventor aprueba el desglose de los componentes manteniendo el mismo precio unitario de cada ítem, cumpliendo con las especificaciones de construcción vigentes para el proyecto.
A79: Nota 2: Cuando se trate de Análisis de precios unitarios de ítems no previstos, el Interventor aprueba el desglose y precio unitario de cada ítem no previsto, exigiendo la aplicación de los costos correspondientes a insumos y tarifas de la propuesta económica inicial cuando estén contemplados, cumpliendo con las especificaciones de construcción vigente para el proyecto.
D85: Firma
D86: Nombre:
D87: Representante Legal del Interventor o su Apoderado

Sheet 4P
A1: ='1P'!$B$1 -> MUNICIPIO DE VILLA DE LEYVA – BOYACÁ NIT. 891.801.268-7 MONUMENTO NACIONAL
J4: FECHA
K5: (Día) | L5: (Mes) | M5: (Año)
A6: ITEMS DE LA PROPUESTA ECONÓMICA | H6: ITEMS NO PREVISTOS
A8: ENTIDAD EJECUTORA: | C8: MUNICIPIO DE VILLA DE LEYVA | I8: DIRECCIÓN TERRITORIAL: | J8: BOYACA
A12: OBJETO DEL CONTRATO:
D13: =+'3P'!D12 -> MANTENIMIENTO, MEJORAMIENTO Y REHABILITACIÓN DEL CORREDOR RURAL "FINCA CAMPANARIO - ALTO DE LOS MIGUELES - POZO DE LA VIEJA”, EN CUMPLIMIENTO DEL CONVENIO INTERADMINISTRATIVO N° 2104 DE 2020, CELEBRADO ENTRE EL MUNICIPIO DE VILLA DE LEYVA Y EL INSTITUTO NACIONAL DE VÍAS - INVIAS, EN MARCO DEL PROGRAMA DEL COLOMBIA RURAL”
B15: ='3P'!B15 -> FINCA CAMPANARIO - ALTO DE LOS MIGUELES - POZO DE LA VIEJA
A16: CORREDOR: | I16: SECTOR: | J16: =+'PRESUPUESTO OFICIAL'!N54 -> 0
A18: MUNICIPIO: | B18: ='1P'!$C$16 -> VILLA DE LEYVA
A23: DATOS ESPECÍFICOS
A25: ITEM | B25: DESCRIPCIÓN | K25: UNIDAD | M25: CANTIDAD
A26: ITEM | B26: DESCRIPCIÓN | K26: UNIDAD | M26: CANTIDAD
A27: 4P | B27: Limpieza de cunetas en tierra con rectificación de salidas y descoles | K27: ML
A29: I. EQUIPO
A30: DESCRIPCIÓN | H30: TIPO | J30: TARIFA/HORA | K30: RENDIMIENTO | M30: Vr. UNITARIO
A31: Herramienta Menor (%) | K31: 0.25 | M31: =ROUND(M49*K31,2) -> 140.07
A34: SUBTOTAL $ | M34: =ROUND(SUM(M31:M33),2) -> 140.07
A35: II. MATERIALES
A36: DESCRIPCIÓN | I36: UNIDAD | J36: CANTIDAD | K36: PRECIO UNIT. | M36: Vr. UNITARIO
M37: =+J37*K37 -> 0
M38: =+J38*K38 -> 0
A39: SUBTOTAL $ | M39: =+SUM(M37:M38) -> 0
A40: III. TRANSPORTES
A41: MATERIAL | G41: UNIDAD | H41: CANTIDAD (1) | I41: DISTANCIA (2) | J41: (1) * (2) | K41: TARIFA | M41: Vr. UNITARIO
A42: Material Desmontado | G42: m3/km | H42: 0.2 | I42: 1 | J42: =+H42*I42 -> 0.2 | K42: =+insumos!D3 -> 1331 | M42: =ROUND(K42*J42,2) -> 266.2
A44: SUBTOTAL $ | M44: =ROUND((M42),2) -> 266.2
A45: IV. MANO DE OBRA
A46: TRABAJADOR | H46: JORNAL | I46: PRESTACIONES (%) | J46: JORNAL TOTAL | K46: RENDIMIENTO | M46: Vr. UNITARIO
A47: Obrero (1) | H47: =insumos!B45 -> 30285 | I47: 185 | J47: =H47*I47/100 -> 56027.25 | K47: 100 | M47: =+ROUND((J47/K47),2) -> 560.27
A49: SUBTOTAL $ | M49: =ROUND(SUM(M47:M47),2) -> 560.27
A51: TOTAL COSTO DIRECTO $ | M51: =ROUND(M34+M39+M44+M49,2) -> 966.54
A53: V. COSTOS INDIRECTOS
A54: Descripción | J54: Porcentaje | K54: Valor Total
A55: ADMINISTRACION | J55: 0.2 | K55: =ROUND(M51*J55,2) -> 193.31
A56: IMPREVISTOS | J56: 0.05 | K56: =ROUND(M51*J56,2) -> 48.33
A57: UTILIDAD | J57: 0.05 | K57: =ROUND(M51*J57,2) -> 48.33
A58: SUBTOTAL $ | M58: =ROUND(K55+K56+K57,2) -> 289.97
A60: Precio Unitario Total Aproximado al Peso $ | M60: =ROUND(M51+M58,0) -> 1257
D65: Firma
D66: Nombre:
D67: Profesional
D68: Matricula No. :
A70: OBSERVACIONES INTERVENTORÍA:
A76: APROBACIÓN POR INTERVENTORÍA
A77: Nota 1: Cuando se trate de Análisis de precios unitarios correspondientes a ítems de la propuesta económica aprobada, el Interventor aprueba el desglose de los componentes manteniendo el mismo precio unitario de cada ítem, cumpliendo con las especificaciones de construcción vigentes para el proyecto.
A79: Nota 2: Cuando se trate de Análisis de precios unitarios de ítems no previstos, el Interventor aprueba el desglose y precio unitario de cada ítem no previsto, exigiendo la aplicación de los costos correspondientes a insumos y tarifas de la propuesta económica inicial cuando estén contemplados, cumpliendo con las especificaciones de construcción vigente para el proyecto.
D85: Firma
D86: Nombre:
D87: Representante Legal del Interventor o su Apoderado
D88: Matricula No. :

Sheet 5P
A1: ='1P'!$B$1 -> MUNICIPIO DE VILLA DE LEYVA – BOYACÁ NIT. 891.801.268-7 MONUMENTO NACIONAL
J4: FECHA
K5: (Día) | L5: (Mes) | M5: (Año)
A6: ITEMS DE LA PROPUESTA ECONÓMICA | H6: ITEMS NO PREVISTOS
A8: ENTIDAD EJECUTORA: | C8: MUNICIPIO DE VILLA DE LEYVA | I8: DIRECCIÓN TERRITORIAL: | J8: BOYACA
A12: OBJETO DEL CONTRATO:
D13: =+'3P'!D12 -> MANTENIMIENTO, MEJORAMIENTO Y REHABILITACIÓN DEL CORREDOR RURAL "FINCA CAMPANARIO - ALTO DE LOS MIGUELES - POZO DE LA VIEJA”, EN CUMPLIMIENTO DEL CONVENIO INTERADMINISTRATIVO N° 2104 DE 2020, CELEBRADO ENTRE EL MUNICIPIO DE VILLA DE LEYVA Y EL INSTITUTO NACIONAL DE VÍAS - INVIAS, EN MARCO DEL PROGRAMA DEL COLOMBIA RURAL”
B15: ='3P'!B15 -> FINCA CAMPANARIO - ALTO DE LOS MIGUELES - POZO DE LA VIEJA
A16: CORREDOR: | I16: SECTOR: | J16: =+'PRESUPUESTO OFICIAL'!N54 -> 0
A18: MUNICIPIO: | B18: ='1P'!$C$16 -> VILLA DE LEYVA
A21: DATOS ESPECÍFICOS
A23: ITEM | B23: DESCRIPCIÓN | K23: UNIDAD | M23: CANTIDAD
A24: ITEM | B24: DESCRIPCIÓN | K24: UNIDAD | M24: CANTIDAD
A25: 5.P | B25: Rocería a cada lado de la vía y/o zonas necesarias para buena visibilidad | K25: HA
A27: I. EQUIPO
A28: DESCRIPCIÓN | H28: TIPO | J28: TARIFA/HORA | K28: RENDIMIENTO | M28: Vr. UNITARIO
A29: Guadañadora | J29: 4703 | K29: =+K45/8 -> 0.0675 | M29: =ROUND(J29/K29,2) -> 69674.07
A30: Motosierra | J30: 6293 | K30: =(4*K45)/8 -> 0.27 | M30: =ROUND(J30/K30,2) -> 23307.41
A31: Herramienta Menor (%) | K31: 0.05 | M31: =ROUND(M47*K31,2) -> 10375.42
A32: SUBTOTAL $ | M32: =ROUND(SUM(M29:M31),2) -> 103356.9
A33: II. MATERIALES
A34: DESCRIPCIÓN | I34: UNIDAD | J34: CANTIDAD | K34: PRECIO UNIT. | M34: Vr. UNITARIO
M35: =+J35*K35 -> 0
M36: =+J36*K36 -> 0
A37: SUBTOTAL $ | M37: =+SUM(M35:M36) -> 0
A38: III. TRANSPORTES
A39: MATERIAL | G39: UNIDAD | H39: CANTIDAD (1) | I39: DISTANCIA (2) | J39: (1) * (2) | K39: TARIFA | M39: Vr. UNITARIO
A40: Material Desmontado | G40: m3/km | H40: 30 | I40: 1 | J40: 30 | K40: =+insumos!D3 -> 1331 | M40: =+K40*J40 -> 39930
A42: SUBTOTAL $ | M42: =ROUND((M40),2) -> 39930
A43: IV. MANO DE OBRA
A44: TRABAJADOR | H44: JORNAL | I44: PRESTACIONES (%) | J44: JORNAL TOTAL | K44: RENDIMIENTO | M44: Vr. UNITARIO
A45: Obrero (2) | H45: =insumos!B45*2 -> 60570 | I45: 185 | J45: =H45*I45/100 -> 112054.5 | K45: 0.54 | M45: =+ROUND((J45/K45),2) -> 207508.33
A47: SUBTOTAL $ | M47: =ROUND(SUM(M45:M45),2) -> 207508.33
A49: TOTAL COSTO DIRECTO $ | M49: =ROUND(M32+M37+M42+M47,2) -> 350795.23
A51: V. COSTOS INDIRECTOS
A52: Descripción | J52: Porcentaje | K52: Valor Total
A53: ADMINISTRACION | J53: 0.2 | K53: =ROUND(M49*J53,2) -> 70159.05
A54: IMPREVISTOS | J54: 0.05 | K54: =ROUND(M49*J54,2) -> 17539.76
A55: UTILIDAD | J55: 0.05 | K55: =ROUND(M49*J55,2) -> 17539.76
A56: SUBTOTAL $ | M56: =ROUND(K53+K54+K55,2) -> 105238.57
A58: Precio Unitario Total Aproximado al Peso $ | M58: =ROUND(M49+M56,0) -> 456034
D63: Firma
D64: Nombre:
D65: Profesional
D66: Matricula No. :
A68: OBSERVACIONES INTERVENTORÍA:
A71: APROBACIÓN POR INTERVENTORÍA
A72: Nota 1: Cuando se trate de Análisis de precios unitarios correspondientes a ítems de la propuesta económica aprobada, el Interventor aprueba el desglose de los componentes manteniendo el mismo precio unitario de cada ítem, cumpliendo con las especificaciones de construcción vigentes para el proyecto.
A74: Nota 2: Cuando se trate de Análisis de precios unitarios de ítems no previstos, el Interventor aprueba el desglose y precio unitario de cada ítem no previsto, exigiendo la aplicación de los costos correspondientes a insumos y tarifas de la propuesta económica inicial cuando estén contemplados, cumpliendo con las especificaciones de construcción vigente para el proyecto.
D80: Firma
D81: Nombre:
D82: Representante Legal del Interventor o su Apoderado
D83: Matricula No. :

Sheet 6P
B1: ='1P'!$B$1 -> MUNICIPIO DE VILLA DE LEYVA – BOYACÁ NIT. 891.801.268-7 MONUMENTO NACIONAL
K4: FECHA
L5: (Día) | M5: (Mes) | N5: (Año)
B6: ITEMS DE LA PROPUESTA ECONÓMICA | I6: ITEMS NO PREVISTOS
B8: ENTIDAD EJECUTORA: | D8: MUNICIPIO DE VILLA DE LEYVA | J8: DIRECCIÓN TERRITORIAL: | K8: BOYACA
B11: CONTRATO No. | C11: =+'PRESUPUESTO OFICIAL'!C4:D4 -> 2104 de 2020
B12: OBJETO DEL CONTRATO: | E12: =+'600.1.1'!E11 -> MANTENIMIENTO, MEJORAMIENTO Y REHABILITACIÓN DEL CORREDOR RURAL "FINCA CAMPANARIO - ALTO DE LOS MIGUELES - POZO DE LA VIEJA”, EN CUMPLIMIENTO DEL CONVENIO INTERADMINISTRATIVO N° 2104 DE 2020, CELEBRADO ENTRE EL MUNICIPIO DE VILLA DE LEYVA Y EL INSTITUTO NACIONAL DE VÍAS - INVIAS, EN MARCO DEL PROGRAMA DEL COLOMBIA RURAL”
C14: ='3P'!B15 -> FINCA CAMPANARIO - ALTO DE LOS MIGUELES - POZO DE LA VIEJA
B15: CORREDOR: | J15: SECTOR: | K15: =+'PRESUPUESTO OFICIAL'!N54 -> 0
B17: MUNICIPIO | C17: ='1P'!$C$16 -> VILLA DE LEYVA
B19: INTERVENTOR: | K19: CTO No.: | M19: DE
B21: DATOS ESPECÍFICOS
B23: ITEM | C23: DESCRIPCIÓN | K23: GRUPO DE AJUSTE | L23: UNIDAD | N23: CANTIDAD
B24: 6P | C24: SUMINISTRO E INSTALACION DE TUBERIA PVC DIAMETRO 4" DRENAJE SIN FILTRO | L24: ml
B26: I. EQUIPO
B27: DESCRIPCIÓN | I27: TIPO | K27: TARIFA/HORA | L27: RENDIMIENTO | N27: Vr. UNITARIO
B29: HERRAMIENTA MENOR (%) | M29: 0.03 | N29: =ROUND(N54*M29,2) -> 18.68
B31: SUBTOTAL $ | N31: =SUM(N28:N30) -> 18.68
B33: II. INSUMOS
B34: DESCRIPCIÓN | J34: UNIDAD | K34: CANTIDAD | L34: PRECIO UNIT. | N34: Vr. UNITARIO
B35: TUBERÍA DRENAJE 4`` PVC CORR | J35: ML | K35: 1 | M35: =insumos!B12 -> 19040 | N35: =ROUND(K35*M35,2) -> 19040
B38: SUBTOTAL $ | N38: =SUM(N35:N37) -> 19040
B40: III. TRANSPORTES
B41: MATERIAL | H41: UNIDAD | I41: CANTIDAD (1) | J41: DISTANCIA (2) | K41: (1) * (2) | L41: TARIFA | N41: Vr. UNITARIO
B45: SUBTOTAL $ | N45: =+N42 -> 0
B47: IV. MANO DE OBRA
B49: TRABAJADOR | I49: JORNAL | J49: PRESTACIONES (%) | K49: JORNAL TOTAL | L49: RENDIMIENTO | N49: Vr. UNITARIO
B50: Oficial (1) | I50: =insumos!B46 -> 60570 | J50: 185 | K50: =+I50*J50/100 -> 112054.5 | M50: 360 | N50: =ROUND(K50/M50,2) -> 311.26
B51: Obrero (2) | I51: =insumos!B45*2 -> 60570 | J51: 185 | K51: =+I51*J51/100 -> 112054.5 | M51: 360 | N51: =ROUND(K51/M51,2) -> 311.26
B54: SUBTOTAL $ | N54: =SUM(N50:N53) -> 622.52
B56: TOTAL COSTO DIRECTO $ | N56: =N31+N38+N45+N54 -> 19681.2
B58: V. COSTOS INDIRECTOS
B60: Descripción | K60: Porcentaje | L60: Valor Total
B61: ADMINISTRACION | K61: 0.2 | L61: =ROUND(N56*K61,2) -> 3936.24
B62: IMPREVISTOS | K62: 0.05 | L62: =ROUND(N56*K62,2) -> 984.06
B63: UTILIDAD | K63: 0.05 | L63: =ROUND(N56*K63,2) -> 984.06
B64: SUBTOTAL $ | N64: =SUM(L61:M63) -> 5904.36
B66: Precio Unitario Total Aproximado al Peso $ | N66: =ROUND(N56+N64,0) -> 25586
E69: Firma
E70: Nombre:
E71: Profesional
E72: Matricula No. :
B74: OBSERVACIONES INTERVENTORÍA:
B78: APROBACIÓN POR INTERVENTORÍA
B79: Nota 1: Cuando se trate de Análisis de precios unitarios correspondientes a ítems de la propuesta económica aprobada, el Interventor aprueba el desglose de los componentes manteniendo el mismo precio unitario de cada ítem, cumpliendo con las especificaciones de construcción vigentes para el proyecto.
B81: Nota 2: Cuando se trate de Análisis de precios unitarios de ítems no previstos, el Interventor aprueba el desglose y precio unitario de cada ítem no previsto, exigiendo la aplicación de los costos correspondientes a insumos y tarifas de la propuesta económica inicial cuando estén contemplados, cumpliendo con las especificaciones de construcción vigente para el proyecto.
E87: Firma
E88: Nombre:
E89: Representante Legal del Interventor o su Apoderado
E90: Matricula No. :

Sheet 102.1P
B1: ='1P'!$B$1 -> MUNICIPIO DE VILLA DE LEYVA – BOYACÁ NIT. 891.801.268-7 MONUMENTO NACIONAL
K3: FECHA
L4: (Día) | M4: (Mes) | N4: (Año)
B5: ITEMS DE LA PROPUESTA ECONÓMICA | I5: ITEMS NO PREVISTOS
B7: ENTIDAD EJECUTORA: | D7: MUNICIPIO DE VILLA DE LEYVA | J7: DIRECCIÓN TERRITORIAL: | K7: BOYACA
B10: CONTRATO No. | C10: =+'PRESUPUESTO OFICIAL'!C4:D4 -> 2104 de 2020
B11: OBJETO DEL CONTRATO: | E11: =+'600.1.1'!E11 -> MANTENIMIENTO, MEJORAMIENTO Y REHABILITACIÓN DEL CORREDOR RURAL "FINCA CAMPANARIO - ALTO DE LOS MIGUELES - POZO DE LA VIEJA”, EN CUMPLIMIENTO DEL CONVENIO INTERADMINISTRATIVO N° 2104 DE 2020, CELEBRADO ENTRE EL MUNICIPIO DE VILLA DE LEYVA Y EL INSTITUTO NACIONAL DE VÍAS - INVIAS, EN MARCO DEL PROGRAMA DEL COLOMBIA RURAL”
C13: ='3P'!B15 -> FINCA CAMPANARIO - ALTO DE LOS MIGUELES - POZO DE LA VIEJA
B14: CORREDOR: | J14: SECTOR: | K14: =+'PRESUPUESTO OFICIAL'!N54 -> 0
B16: MUNICIPIO | C16: ='6P'!$C$17 -> VILLA DE LEYVA
B18: INTERVENTOR: | K18: CTO No.: | M18: DE
B20: DATOS ESPECÍFICOS
B22: ITEM | C22: DESCRIPCIÓN | K22: GRUPO DE AJUSTE | L22: UNIDAD | N22: CANTIDAD
B23: 102.1P | C23: IMPLEMENTACIÓN DEL PROTOCOLO BIOSEGURIDAD POR COVID-19 | L23: GL | N23: (20 personas)
B25: I. EQUIPO
B27: DESCRIPCIÓN | I27: TIPO | K27: TARIFA/HORA | L27: RENDIMIENTO | N27: Vr. UNITARIO
B29: HERRAMIENTA MENOR (%) | M29: 0.01 | N29: =N58*M29 -> 0
B31: SUBTOTAL $ | N31: =SUM(N28:N30) -> 0
B33: II. INSUMOS
B35: DESCRIPCIÓN | J35: UNIDAD | K35: CANTIDAD | L35: PRECIO UNIT. | N35: Vr. UNITARIO
B36: Tapabocas reutilizable en tela | J36: und | K36: =5*23*4 -> 460 | L36: 1400 | N36: =ROUND(K36*L36,2) -> 644000
B37: Jabón líquido antibacterial | J37: lt | K37: =(0.005*20*4*30) -> 12 | L37: 10000 | N37: =ROUND(K37*L37,2) -> 120000
B38: Gel Antibacterial | J38: lt | K38: =(0.003*20*4*30) -> 7.2 | L38: 10000 | N38: =ROUND(K38*L38,2) -> 72000
B39: Alcohol desinfectante al 70% | J39: lt | K39: =(0.003*20*4*30) -> 7.2 | L39: 6000 | N39: =ROUND(K39*L39,2) -> 43200
B40: Guantes Nitrilo por 100 und | J40: par | K40: 102 | L40: 1500 | N40: =ROUND(K40*L40,2) -> 153000
B41: Termómetro clínico infrarrojo Digital | J41: und | K41: =1 -> 1 | L41: 299900 | N41: =ROUND(K41*L41,2) -> 299900
B42: Hipoclorito de uso doméstico | J42: lt | K42: =0.05*20*5 -> 5 | L42: 3750 | N42: =ROUND(K42*L42,2) -> 18750
B43: Bomba de espalda | J43: und | K43: 1 | L43: 124900 | N43: =ROUND(K43*L43,2) -> 124900
B45: SUBTOTAL $ | N45: =SUM(N36:N43) -> 1475750
B47: III. TRANSPORTES
B49: MATERIAL | H49: UNIDAD | I49: CANTIDAD (1) | J49: DISTANCIA (2) | K49: (1) * (2) | L49: TARIFA | N49: Vr. UNITARIO
B52: SUBTOTAL $ | N52: =+N50 -> 0
B54: IV. MANO DE OBRA
B56: TRABAJADOR | I56: JORNAL | J56: PRESTACIONES (%) | K56: JORNAL TOTAL | L56: RENDIMIENTO | N56: Vr. UNITARIO
B58: SUBTOTAL $ | N58: =SUM(N57:N57) -> 0
B60: TOTAL COSTO DIRECTO $ | N60: =+N45 -> 1475750
B62: V. COSTOS INDIRECTOS
B64: Descripción | K64: Porcentaje | L64: Valor Total
B65: ADMINISTRACION | K65: 0.025 | L65: =ROUND(N60*K65,2) -> 36893.75
B66: IMPREVISTOS | L66: =N60*K66 -> 0
B67: UTILIDAD | L67: =N60*K67 -> 0
B68: SUBTOTAL $ | N68: =L65 -> 36893.75
B70: Precio Unitario Total Aproximado al Peso $ | N70: =ROUND(N60+N68,0) -> 1512644
E72: Firma
E73: Nombre:
E74: Profesional
E75: Matricula No. :
B77: OBSERVACIONES INTERVENTORÍA:
B80: APROBACIÓN POR INTERVENTORÍA
B81: Nota 1: Cuando se trate de Análisis de precios unitarios correspondientes a ítems de la propuesta económica aprobada, el Interventor aprueba el desglose de los componentes manteniendo el mismo precio unitario de cada ítem, cumpliendo con las especificaciones de construcción vigentes para el proyecto.
B83: Nota 2: Cuando se trate de Análisis de precios unitarios de ítems no previstos, el Interventor aprueba el desglose y precio unitario de cada ítem no previsto, exigiendo la aplicación de los costos correspondientes a insumos y tarifas de la propuesta económica inicial cuando estén contemplados, cumpliendo con las especificaciones de construcción vigente para el proyecto.
E88: Firma
E89: Nombre:
E90: Representante Legal del Interventor o su Apoderado
E91: Matricula No. :

Sheet 600.1.1
B1: ='1P'!$B$1 -> MUNICIPIO DE VILLA DE LEYVA – BOYACÁ NIT. 891.801.268-7 MONUMENTO NACIONAL
K4: FECHA
L5: (Día) | M5: (Mes) | N5: (Año)
B6: ITEMS DE LA PROPUESTA ECONÓMICA | F6: □ | I6: ITEMS NO PREVISTOS | K6: □
B7: ENTIDAD EJECUTORA: | D7: MUNICIPIO DE VILLA DE LEYVA | J7: DIRECCIÓN TERRITORIAL: | K7: BOYACA
B10: CONTRATO No. | C10: =+'PRESUPUESTO OFICIAL'!C4:D4 -> 2104 de 2020
B11: OBJETO DEL CONTRATO: | E11: =+'PRESUPUESTO OFICIAL'!E4:J4 -> MANTENIMIENTO, MEJORAMIENTO Y REHABILITACIÓN DEL CORREDOR RURAL "FINCA CAMPANARIO - ALTO DE LOS MIGUELES - POZO DE LA VIEJA”, EN CUMPLIMIENTO DEL CONVENIO INTERADMINISTRATIVO N° 2104 DE 2020, CELEBRADO ENTRE EL MUNICIPIO DE VILLA DE LEYVA Y EL INSTITUTO NACIONAL DE VÍAS - INVIAS, EN MARCO DEL PROGRAMA DEL COLOMBIA RURAL”
B14: CORREDOR: | C14: ='3P'!B15 -> FINCA CAMPANARIO - ALTO DE LOS MIGUELES - POZO DE LA VIEJA | J14: SECTOR: | K14: =+'PRESUPUESTO OFICIAL'!N54 -> 0
B16: CONTRATISTA:
B18: INTERVENTOR: | K18: CTO No.: | M18: DE
B20: FECHA CIERRE PROCESO DE SELECCIÓN CONTRATO DE OBRA:
F21: (Día) | I21: (Mes) | J21: (Año)
B23: DATOS ESPECÍFICOS
B25: ITEM | C25: DESCRIPCIÓN | K25: GRUPO DE AJUSTE | L25: UNIDAD | N25: CANTIDAD
B26: ITEM | C26: DESCRIPCIÓN | L26: UNIDAD | N26: CANTIDAD
B27: 600.1.1 | C27: Excavaciones Varias sin Clasificar | L27: m3
B29: I. EQUIPO
B30: DESCRIPCIÓN | I30: TIPO | K30: TARIFA/HORA | L30: RENDIMIENTO | N30: Vr. UNITARIO
B31: Compresor 120 HP, con martillo. | K31: 127783 | M31: 35 | N31: =ROUND(K31/M31,2) -> 3650.94
B32: Retroexcavadora sobre oruga, potencia 138 HP, balde de 1,5 m3. | K32: 209564 | M32: 35 | N32: =ROUND(K32/M32,2) -> 5987.54
B33: HERRAMIENTA MENOR (%) | M33: 0.01 | N33: =ROUND(N57*M33,2) -> 8
B35: SUBTOTAL $ | N35: =SUM(N31:N34) -> 9646.48
B37: II. MATERIALES
B38: DESCRIPCIÓN | J38: UNIDAD | K38: CANTIDAD | L38: PRECIO UNIT. | N38: Vr. UNITARIO
B39: Disposición de materiales | J39: m3 | K39: 1.3 | N39: =K39*M39 -> 0
B41: SUBTOTAL $ | N41: =SUM(N39:N40) -> 0
B43: III. TRANSPORTES
B44: MATERIAL | H44: UNIDAD | I44: CANTIDAD (1) | J44: DISTANCIA (2) | K44: (1) * (2) | L44: TARIFA | N44: Vr. UNITARIO
B45: Transporte de material de excavación | H45: m3km | I45: 1.3 | J45: 1 | K45: =I45*J45 -> 1.3 | L45: =+insumos!D3 -> 1331 | N45: =ROUND(K45*L45,2) -> 1730.3
B50: SUBTOTAL $ | N50: =N45+N46+N47+N48+N49 -> 1730.3
B52: IV. MANO DE OBRA
B53: TRABAJADOR | I53: JORNAL | J53: PRESTACIONES (%) | K53: JORNAL TOTAL | L53: RENDIMIENTO | N53: Vr. UNITARIO
B54: Obrero (2) | I54: =2*insumos!B45 -> 60570 | J54: 185 | K54: =+I54*J54/100 -> 112054.5 | M54: 280 | N54: =ROUND(K54/M54,2) -> 400.19
B55: Oficial | I55: =1*insumos!B46 -> 60570 | J55: 185 | K55: =+I55*J55/100 -> 112054.5 | M55: 280 | N55: =ROUND(K55/M55,2) -> 400.19
B57: SUBTOTAL $ | N57: =SUM(N54:N56) -> 800.38
B59: TOTAL COSTO DIRECTO $ | N59: =N35+N41+N50+N57 -> 12177.16
B61: V. COSTOS INDIRECTOS
B62: Descripción | K62: Porcentaje | L62: Valor Total
B63: ADMINISTRACION | K63: 0.2 | L63: =ROUND(N59*K63,2) -> 2435.43
B64: IMPREVISTOS | K64: 0.05 | L64: =ROUND(N59*K64,2) -> 608.86
B65: UTILIDAD | K65: 0.05 | L65: =ROUND(N59*K65,2) -> 608.86
B66: SUBTOTAL $ | N66: =ROUND(L63+L64+L65,2) -> 3653.15
B68: Precio Unitario Total Aproximado al Peso $ | N68: =ROUND(N59+N66,0) -> 15830
E73: Firma
E74: Nombre:
E75: Profesional
E76: Matricula No. :
B78: OBSERVACIONES INTERVENTORÍA:
B81: APROBACIÓN POR INTERVENTORÍA
B82: Nota 1: Cuando se trate de Análisis de precios unitarios correspondientes a ítems de la propuesta económica aprobada, el Interventor aprueba el desglose de los componentes manteniendo el mismo precio unitario de cada ítem, cumpliendo con las especificaciones de construcción vigentes para el proyecto.
B84: Nota 2: Cuando se trate de Análisis de precios unitarios de ítems no previstos, el Interventor aprueba el desglose y precio unitario de cada ítem no previsto, exigiendo la aplicación de los costos correspondientes a insumos y tarifas de la propuesta económica inicial cuando estén contemplados, cumpliendo con las especificaciones de construcción vigente para el proyecto.
E89: Firma
E90: Nombre:
E91: Representante Legal del Interventor o su Apoderado
E92: Matricula No. :

Sheet 600.1.1P
B1: ='1P'!$B$1 -> MUNICIPIO DE VILLA DE LEYVA – BOYACÁ NIT. 891.801.268-7 MONUMENTO NACIONAL
K4: FECHA
L5: (Día) | M5: (Mes) | N5: (Año)
B6: ITEMS DE LA PROPUESTA ECONÓMICA | F6: □ | I6: ITEMS NO PREVISTOS | K6: □
B7: ENTIDAD EJECUTORA: | D7: MUNICIPIO DE VILLA DE LEYVA | J7: DIRECCIÓN TERRITORIAL: | K7: BOYACA
B10: CONTRATO No. | C10: =+'PRESUPUESTO OFICIAL'!C4:D4 -> 2104 de 2020
B11: OBJETO DEL CONTRATO: | E11: =+'PRESUPUESTO OFICIAL'!E4:J4 -> MANTENIMIENTO, MEJORAMIENTO Y REHABILITACIÓN DEL CORREDOR RURAL "FINCA CAMPANARIO - ALTO DE LOS MIGUELES - POZO DE LA VIEJA”, EN CUMPLIMIENTO DEL CONVENIO INTERADMINISTRATIVO N° 2104 DE 2020, CELEBRADO ENTRE EL MUNICIPIO DE VILLA DE LEYVA Y EL INSTITUTO NACIONAL DE VÍAS - INVIAS, EN MARCO DEL PROGRAMA DEL COLOMBIA RURAL”
B14: CORREDOR: | C14: ='3P'!B15 -> FINCA CAMPANARIO - ALTO DE LOS MIGUELES - POZO DE LA VIEJA | J14: SECTOR: | K14: =+'PRESUPUESTO OFICIAL'!N54 -> 0
B16: CONTRATISTA:
B18: INTERVENTOR: | K18: CTO No.: | M18: DE
B20: FECHA CIERRE PROCESO DE SELECCIÓN CONTRATO DE OBRA:
F21: (Día) | I21: (Mes) | J21: (Año)
B23: DATOS ESPECÍFICOS
B25: ITEM | C25: DESCRIPCIÓN | K25: GRUPO DE AJUSTE | L25: UNIDAD | N25: CANTIDAD
B26: ITEM | C26: DESCRIPCIÓN | L26: UNIDAD | N26: CANTIDAD
B27: 600.1.1P | C27: Excavaciones Varias sin Clasificar | L27: m3
B29: I. EQUIPO
B30: DESCRIPCIÓN | I30: TIPO | K30: TARIFA/HORA | L30: RENDIMIENTO | N30: Vr. UNITARIO
B31: HERRAMIENTA MENOR (%) | M31: 0.01 | N31: =ROUND(N58*M31,2) -> 560.27
B33: SUBTOTAL $ | N33: =SUM(N31:N32) -> 560.27
B35: II. MATERIALES
B36: DESCRIPCIÓN | J36: UNIDAD | K36: CANTIDAD | L36: PRECIO UNIT. | N36: Vr. UNITARIO
B41: SUBTOTAL $ | N41: =SUM(N37:N40) -> 0
B43: III. TRANSPORTES
B44: MATERIAL | H44: UNIDAD | I44: CANTIDAD (1) | J44: DISTANCIA (2) | K44: (1) * (2) | L44: TARIFA | N44: Vr. UNITARIO
B45: Transporte de material de excavación | H45: m3km | I45: 1.3 | J45: 1 | K45: =I45*J45 -> 1.3 | L45: =+insumos!D3 -> 1331 | N45: =ROUND(K45*L45,2) -> 1730.3
B50: SUBTOTAL $ | N50: =N45+N46+N47+N48+N49 -> 1730.3
B52: IV. MANO DE OBRA
B53: TRABAJADOR | I53: JORNAL | J53: PRESTACIONES (%) | K53: JORNAL TOTAL | L53: RENDIMIENTO | N53: Vr. UNITARIO
B54: Obrero (2) | I54: =2*insumos!B45 -> 60570 | J54: 185 | K54: =+I54*J54/100 -> 112054.5 | M54: 4 | N54: =ROUND(K54/M54,2) -> 28013.63
B55: Oficial | I55: =1*insumos!B46 -> 60570 | J55: 185 | K55: =+I55*J55/100 -> 112054.5 | M55: 4 | N55: =ROUND(K55/M55,2) -> 28013.63
B58: SUBTOTAL $ | N58: =SUM(N54:N57) -> 56027.26
B60: TOTAL COSTO DIRECTO $ | N60: =N33+N41+N50+N58 -> 58317.83
B62: V. COSTOS INDIRECTOS
B63: Descripción | K63: Porcentaje | L63: Valor Total
B64: ADMINISTRACION | K64: 0.2 | L64: =ROUND(N60*K64,2) -> 11663.57
B65: IMPREVISTOS | K65: 0.05 | L65: =ROUND(N60*K65,2) -> 2915.89
B66: UTILIDAD | K66: 0.05 | L66: =ROUND(N60*K66,2) -> 2915.89
B67: SUBTOTAL $ | N67: =ROUND(L64+L65+L66,2) -> 17495.35
B69: Precio Unitario Total Aproximado al Peso $ | N69: =ROUND(N60+N67,0) -> 75813
E74: Firma
E75: Nombre:
E76: Profesional
E77: Matricula No. :
B79: OBSERVACIONES INTERVENTORÍA:
B83: APROBACIÓN POR INTERVENTORÍA
B84: Nota 1: Cuando se trate de Análisis de precios unitarios correspondientes a ítems de la propuesta económica aprobada, el Interventor aprueba el desglose de los componentes manteniendo el mismo precio unitario de cada ítem, cumpliendo con las especificaciones de construcción vigentes para el proyecto.
B86: Nota 2: Cuando se trate de Análisis de precios unitarios de ítems no previstos, el Interventor aprueba el desglose y precio unitario de cada ítem no previsto, exigiendo la aplicación de los costos correspondientes a insumos y tarifas de la propuesta económica inicial cuando estén contemplados, cumpliendo con las especificaciones de construcción vigente para el proyecto.
E92: Firma
E93: Nombre:
E94: Representante Legal del Interventor o su Apoderado
E95: Matricula No. :

Sheet 661.1
B1: ='1P'!$B$1 -> MUNICIPIO DE VILLA DE LEYVA – BOYACÁ NIT. 891.801.268-7 MONUMENTO NACIONAL
K4: FECHA
L5: (Día) | M5: (Mes) | N5: (Año)
B6: ITEMS DE LA PROPUESTA ECONÓMICA | F6: □ | I6: ITEMS NO PREVISTOS | K6: □
B7: ENTIDAD EJECUTORA: | D7: MUNICIPIO DE VILLA DE LEYVA | J7: DIRECCIÓN TERRITORIAL: | K7: BOYACA
B10: CONTRATO No. | C10: =+'PRESUPUESTO OFICIAL'!C4:D4 -> 2104 de 2020
B11: OBJETO DEL CONTRATO: | E11: =+'PRESUPUESTO OFICIAL'!E4:J4 -> MANTENIMIENTO, MEJORAMIENTO Y REHABILITACIÓN DEL CORREDOR RURAL "FINCA CAMPANARIO - ALTO DE LOS MIGUELES - POZO DE LA VIEJA”, EN CUMPLIMIENTO DEL CONVENIO INTERADMINISTRATIVO N° 2104 DE 2020, CELEBRADO ENTRE EL MUNICIPIO DE VILLA DE LEYVA Y EL INSTITUTO NACIONAL DE VÍAS - INVIAS, EN MARCO DEL PROGRAMA DEL COLOMBIA RURAL”
B14: CORREDOR: | C14: ='3P'!B15 -> FINCA CAMPANARIO - ALTO DE LOS MIGUELES - POZO DE LA VIEJA | J14: SECTOR: | K14: =+'PRESUPUESTO OFICIAL'!N54 -> 0
B16: CONTRATISTA:
B18: INTERVENTOR: | K18: CTO No.: | M18: DE
B20: FECHA CIERRE PROCESO DE SELECCIÓN CONTRATO DE OBRA:
F21: (Día) | I21: (Mes) | J21: (Año)
B23: DATOS ESPECÍFICOS
B25: ITEM | C25: DESCRIPCIÓN | K25: GRUPO DE AJUSTE | L25: UNIDAD | N25: CANTIDAD
B26: ITEM | C26: DESCRIPCIÓN | L26: UNIDAD | N26: CANTIDAD
B27: 661.1 | C27: Tubería de Concreto Reforzado 21 Mpa de 900 mm de diametro interior | L27: m
B29: I. EQUIPO
B30: DESCRIPCIÓN | I30: TIPO | K30: TARIFA/HORA | L30: RENDIMIENTO | N30: Vr. UNITARIO
B31: Retroexcavadora A25C | K31: 143116.82 | M31: 3 | N31: =ROUND(K31/M31,2) -> 47705.61
B32: HERRAMIENTA MENOR (%) | M32: 0.1 | N32: =ROUND(N58*M32,2) -> 1400.68
B34: SUBTOTAL $ | N34: =SUM(N31:N33) -> 49106.29
B36: II. MATERIALES
B37: DESCRIPCIÓN | J37: UNIDAD | K37: CANTIDAD | L37: PRECIO UNIT. | N37: Vr. UNITARIO
B38: Mortero 1:3 Para Anillos | J38: m3 | K38: 0.02 | M38: =+insumos!B23 -> 349029 | N38: =ROUND(K38*M38,2) -> 6980.58
B39: Material para solado y atraque | J39: m3 | K39: 0.46 | M39: =+insumos!B16 -> 44346.39 | N39: =ROUND(K39*M39,2) -> 20399.34
B40: Tubo concreto reforzado 900mm (tipo 1) | J40: m | K40: 1 | M40: =+insumos!B8 -> 291419.13 | N40: =ROUND(K40*M40,2) -> 291419.13
B42: SUBTOTAL $ | N42: =SUM(N38:N41) -> 318799.05
B44: III. TRANSPORTES
B45: MATERIAL | H45: UNIDAD | I45: CANTIDAD (1) | J45: DISTANCIA (2) | K45: (1) * (2) | L45: TARIFA | N45: Vr. UNITARIO
B46: Transporte de Tubería de Concreto Reforzado | H46: kgk | I46: 358 | J46: =+insumos!C8 -> 48.7 | K46: =I46*J46 -> 17434.6 | L46: 4.11 | N46: =ROUND(K46*L46,2) -> 71656.21
B47: Transporte de Material de Solado y Atraque Tubería de Concreto Reforzado | H47: m3k | I47: 0.46 | J47: =+insumos!C10 -> 1 | K47: =I47*J47 -> 0.46 | L47: =+insumos!D23 -> 1271 | N47: =ROUND(K47*L47,2) -> 584.66
B51: SUBTOTAL $ | N51: =N46+N47+N48+N49+N50 -> 72240.87
B53: IV. MANO DE OBRA
B54: TRABAJADOR | I54: JORNAL | J54: PRESTACIONES (%) | K54: JORNAL TOTAL | L54: RENDIMIENTO | N54: Vr. UNITARIO
B55: Obrero (4) | I55: =insumos!B45*4 -> 121140 | J55: 185 | K55: =+I55*J55/100 -> 224109 | M55: 24 | N55: =ROUND(K55/M55,2) -> 9337.88
B56: Oficial | I56: =insumos!B46 -> 60570 | J56: 185 | K56: =+I56*J56/100 -> 112054.5 | M56: 24 | N56: =ROUND(K56/M56,2) -> 4668.94
B58: SUBTOTAL $ | N58: =SUM(N55:N57) -> 14006.82
B60: TOTAL COSTO DIRECTO $ | N60: =N34+N42+N51+N58 -> 454153.03
B62: V. COSTOS INDIRECTOS
B63: Descripción | K63: Porcentaje | L63: Valor Total
B64: ADMINISTRACION | K64: 0.2 | L64: =ROUND(N60*K64,2) -> 90830.61
B65: IMPREVISTOS | K65: 0.05 | L65: =ROUND(N60*K65,2) -> 22707.65
B66: UTILIDAD | K66: 0.05 | L66: =ROUND(N60*K66,2) -> 22707.65
B67: SUBTOTAL $ | N67: =L64+L65+L66 -> 136245.91
B69: Precio Unitario Total Aproximado al Peso $ | N69: =ROUND(N60+N67,0) -> 590399
E72: Firma
E73: Nombre:
E74: Profesional
B76: OBSERVACIONES INTERVENTORÍA:
B78: APROBACIÓN POR INTERVENTORÍA
B79: Nota 1: Cuando se trate de Análisis de precios unitarios correspondientes a ítems de la propuesta económica aprobada, el Interventor aprueba el desglose de los componentes manteniendo el mismo precio unitario de cada ítem, cumpliendo con las especificaciones de construcción vigentes para el proyecto.
B81: Nota 2: Cuando se trate de Análisis de precios unitarios de ítems no previstos, el Interventor aprueba el desglose y precio unitario de cada ítem no previsto, exigiendo la aplicación de los costos correspondientes a insumos y tarifas de la propuesta económica inicial cuando estén contemplados, cumpliendo con las especificaciones de construcción vigente para el proyecto.
E86: Nombre:
E87: Representante Legal del Interventor o su Apoderado

Sheet 630.4P
B1: ='1P'!$B$1 -> MUNICIPIO DE VILLA DE LEYVA – BOYACÁ NIT. 891.801.268-7 MONUMENTO NACIONAL
K4: FECHA
L5: (Día) | M5: (Mes) | N5: (Año)
B6: ITEMS DE LA PROPUESTA ECONÓMICA | F6: □ | I6: ITEMS NO PREVISTOS | K6: □
B7: ENTIDAD EJECUTORA: | D7: MUNICIPIO DE VILLA DE LEYVA | J7: DIRECCIÓN TERRITORIAL: | K7: BOYACA
B10: CONTRATO No. | C10: =+'PRESUPUESTO OFICIAL'!C4:D4 -> 2104 de 2020
B11: OBJETO DEL CONTRATO: | E11: =+'PRESUPUESTO OFICIAL'!E4:J4 -> MANTENIMIENTO, MEJORAMIENTO Y REHABILITACIÓN DEL CORREDOR RURAL "FINCA CAMPANARIO - ALTO DE LOS MIGUELES - POZO DE LA VIEJA”, EN CUMPLIMIENTO DEL CONVENIO INTERADMINISTRATIVO N° 2104 DE 2020, CELEBRADO ENTRE EL MUNICIPIO DE VILLA DE LEYVA Y EL INSTITUTO NACIONAL DE VÍAS - INVIAS, EN MARCO DEL PROGRAMA DEL COLOMBIA RURAL”
B14: CORREDOR: | C14: ='3P'!B15 -> FINCA CAMPANARIO - ALTO DE LOS MIGUELES - POZO DE LA VIEJA | J14: SECTOR: | K14: =+'PRESUPUESTO OFICIAL'!N54 -> 0
B16: CONTRATISTA:
B18: INTERVENTOR: | K18: CTO No.: | M18: DE
B20: FECHA CIERRE PROCESO DE SELECCIÓN CONTRATO DE OBRA:
F21: (Día) | I21: (Mes) | J21: (Año)
B23: DATOS ESPECÍFICOS
B25: ITEM | C25: DESCRIPCIÓN | K25: GRUPO DE AJUSTE | L25: UNIDAD | N25: CANTIDAD
B26: ITEM | C26: DESCRIPCIÓN | L26: UNIDAD | N26: CANTIDAD
B27: 630.4P | C27: Concreto Resistencia 21MPa (D) Fabricado In Situ | L27: m3
B29: I. EQUIPO
B31: DESCRIPCIÓN | I31: TIPO | K31: TARIFA/HORA | L31: RENDIMIENTO | N31: Vr. UNITARIO
B32: Vibrador de concreto, Motor de 3 hp a 18.000 rpm Mangueras de 4 mt | K32: 7666.97 | M32: 2 | N32: =ROUND(K32/M32,2) -> 3833.49
B33: Mezcladora de concreto 1 bulto | K33: 21289 | M33: 1 | N33: =ROUND(K33/M33,2) -> 21289
B34: HERRAMIENTA MENOR (%) | M34: 0.05 | N34: =ROUND(N66*M34,2) -> 3735.15
B36: SUBTOTAL $ | N36: =SUM(N32:N35) -> 28857.64
B38: II. MATERIALES
B40: DESCRIPCIÓN | J40: UNIDAD | K40: CANTIDAD | L40: PRECIO UNIT. | N40: Vr. UNITARIO
B41: Cemento gris | J41: kg | K41: 357 | M41: =insumos!B6 -> 501.09 | N41: =ROUND(K41*M41,2) -> 178889.13
B42: Arena lavada | J42: m3 | K42: 0.57 | M42: =insumos!B4 -> 78556.46 | N42: =ROUND(K42*M42,2) -> 44777.18
B43: Gravilla 3/4" | J43: m3 | K43: 0.86 | M43: =insumos!B5 -> 78556 | N43: =ROUND(K43*M43,2) -> 67558.16
B44: Agua | J44: lt | K44: 183 | M44: =insumos!B17 -> 73.47 | N44: =ROUND(K44*M44,2) -> 13445.01
B45: Antisol blanco (presentación 20 kg) | J45: kg | K45: 1 | M45: =insumos!B22 -> 6250.02 | N45: =ROUND(K45*M45,2) -> 6250.02
B46: Formaleta (gaviones, juntas de bordillos, juntas de cunetas, muros, concretos clase D,E, F y G) | J46: m2 | K46: 4.6 | M46: =insumos!B19 -> 6000 | N46: =ROUND(K46*M46,2) -> 27600
B48: SUBTOTAL $ | N48: =SUM(N41:N47) -> 338519.5
B50: III. TRANSPORTES
B52: MATERIAL | H52: UNIDAD | I52: CANTIDAD (1) | J52: DISTANCIA (2) | K52: (1) * (2) | L52: TARIFA | N52: Vr. UNITARIO
B53: Transporte de arena | H53: m3k | I53: 0.57 | J53: =insumos!C4 -> 9 | K53: =+I53*J53 -> 5.13 | L53: 1331 | N53: =ROUND(K53*L53,2) -> 6828.03
B54: Transporte de material triturado | H54: m3k | I54: 0.86 | J54: =insumos!C5 -> 26.5 | K54: =+I54*J54 -> 22.79 | L54: 1331 | N54: =ROUND(K54*L54,2) -> 30333.49
B58: SUBTOTAL $ | N58: =N53+N54+N55+N56+N57 -> 37161.52
B60: IV. MANO DE OBRA
B61: TRABAJADOR | I61: JORNAL | J61: PRESTACIONES (%) | K61: JORNAL TOTAL | L61: RENDIMIENTO | N61: Vr. UNITARIO
B62: Obrero (6) | I62: =insumos!B45*6 -> 181710 | J62: 185 | K62: =+I62*J62/100 -> 336163.5 | M62: 6 | N62: =ROUND(K62/M62,2) -> 56027.25
B63: Oficial | I63: =insumos!B46 -> 60570 | J63: 185 | K63: =+I63*J63/100 -> 112054.5 | M63: 6 | N63: =ROUND(K63/M63,2) -> 18675.75
B66: SUBTOTAL $ | N66: =SUM(N62:N65) -> 74703
B68: TOTAL COSTO DIRECTO $ | N68: =N36+N48+N58+N66 -> 479241.66
B70: V. COSTOS INDIRECTOS
B72: Descripción | K72: Porcentaje | L72: Valor Total
B73: ADMINISTRACION | K73: 0.2 | L73: =ROUND(N68*K73,2) -> 95848.33
B74: IMPREVISTOS | K74: 0.05 | L74: =ROUND(N68*K74,2) -> 23962.08
B75: UTILIDAD | K75: 0.05 | L75: =ROUND(N68*K75,2) -> 23962.08
B76: SUBTOTAL $ | N76: =L73+L74+L75 -> 143772.49
B78: Precio Unitario Total Aproximado al Peso $ | N78: =ROUND(N68+N76,0) -> 623014
E82: Firma
E83: Nombre:
E84: Profesional
B87: OBSERVACIONES INTERVENTORÍA:
B89: APROBACIÓN POR INTERVENTORÍA
B90: Nota 1: Cuando se trate de Análisis de precios unitarios correspondientes a ítems de la propuesta económica aprobada, el Interventor aprueba el desglose de los componentes manteniendo el mismo precio unitario de cada ítem, cumpliendo con las especificaciones de construcción vigentes para el proyecto.
B92: Nota 2: Cuando se trate de Análisis de precios unitarios de ítems no previstos, el Interventor aprueba el desglose y precio unitario de cada ítem no previsto, exigiendo la aplicación de los costos correspondientes a insumos y tarifas de la propuesta económica inicial cuando estén contemplados, cumpliendo con las especificaciones de construcción vigente para el proyecto.
E97: Firma
E98: Nombre:
E99: Representante Legal del Interventor o su Apoderado
E100: Matricula No. :

Sheet 640.1
B1: ='1P'!$B$1 -> MUNICIPIO DE VILLA DE LEYVA – BOYACÁ NIT. 891.801.268-7 MONUMENTO NACIONAL
K4: FECHA
L5: (Día) | M5: (Mes) | N5: (Año)
B6: ITEMS DE LA PROPUESTA ECONÓMICA | F6: □ | I6: ITEMS NO PREVISTOS | K6: □
B7: ENTIDAD EJECUTORA: | D7: MUNICIPIO DE VILLA DE LEYVA | J7: DIRECCIÓN TERRITORIAL: | K7: BOYACA
B10: CONTRATO No. | C10: =+'PRESUPUESTO OFICIAL'!C4:D4 -> 2104 de 2020
B11: OBJETO DEL CONTRATO: | E11: =+'PRESUPUESTO OFICIAL'!E4:J4 -> MANTENIMIENTO, MEJORAMIENTO Y REHABILITACIÓN DEL CORREDOR RURAL "FINCA CAMPANARIO - ALTO DE LOS MIGUELES - POZO DE LA VIEJA”, EN CUMPLIMIENTO DEL CONVENIO INTERADMINISTRATIVO N° 2104 DE 2020, CELEBRADO ENTRE EL MUNICIPIO DE VILLA DE LEYVA Y EL INSTITUTO NACIONAL DE VÍAS - INVIAS, EN MARCO DEL PROGRAMA DEL COLOMBIA RURAL”
B14: CORREDOR: | C14: ='3P'!B15 -> FINCA CAMPANARIO - ALTO DE LOS MIGUELES - POZO DE LA VIEJA | J14: SECTOR: | K14: =+'PRESUPUESTO OFICIAL'!N54 -> 0
B16: CONTRATISTA:
B18: INTERVENTOR: | K18: CTO No.: | M18: DE
B20: FECHA CIERRE PROCESO DE SELECCIÓN CONTRATO DE OBRA:
F21: (Día) | I21: (Mes) | J21: (Año)
B23: DATOS ESPECÍFICOS
B25: ITEM | C25: DESCRIPCIÓN | K25: GRUPO DE AJUSTE | L25: UNIDAD | N25: CANTIDAD
B26: ITEM | C26: DESCRIPCIÓN | L26: UNIDAD | N26: CANTIDAD
B27: 640.1 | C27: Acero de Refuerzo Fy 4200 MPa. | L27: kg
B29: I. EQUIPO
B31: DESCRIPCIÓN | I31: TIPO | K31: TARIFA/HORA | L31: RENDIMIENTO | N31: Vr. UNITARIO
B32: Cizalla manual de 90 cm. | K32: 1137.98 | M32: 37.5 | N32: =ROUND(K32/M32,2) -> 30.35
B35: HERRAMIENTA MENOR (%) | M35: 0.02 | N35: =ROUND(N64*M35,2) -> 16.81
B37: SUBTOTAL $ | N37: =SUM(N32:N36) -> 47.16
B39: II. MATERIALES
B41: DESCRIPCIÓN | J41: UNIDAD | K41: CANTIDAD | L41: PRECIO UNIT. | N41: Vr. UNITARIO
B42: Acero PDR-60 | J42: kg | K42: 1.05 | M42: =+insumos!B20 -> 4677.71 | N42: =ROUND(K42*M42,2) -> 4911.6
B43: Alambre Negro Para Amarre | J43: kg | K43: 0.03 | M43: =+insumos!B21 -> 4897.8 | N43: =ROUND(K43*M43,2) -> 146.93
B47: SUBTOTAL $ | N47: =SUM(N42:N46) -> 5058.53
B49: III. TRANSPORTES
B50: MATERIAL | H50: UNIDAD | I50: CANTIDAD (1) | J50: DISTANCIA (2) | K50: (1) * (2) | L50: TARIFA | N50: Vr. UNITARIO
B55: SUBTOTAL $ | N55: =N51+N52+N53+N54 -> 0
B57: IV. MANO DE OBRA
B59: TRABAJADOR | I59: JORNAL | J59: PRESTACIONES (%) | K59: JORNAL TOTAL | L59: RENDIMIENTO | N59: Vr. UNITARIO
B60: Obrero | I60: =insumos!B45 -> 30285 | J60: 185 | K60: =+I60*J60/100 -> 56027.25 | M60: 200 | N60: =ROUND(K60/M60,2) -> 280.14
B61: Oficial | I61: =insumos!B46 -> 60570 | J61: 185 | K61: =+I61*J61/100 -> 112054.5 | M61: 200 | N61: =ROUND(K61/M61,2) -> 560.27
B64: SUBTOTAL $ | N64: =SUM(N60:N63) -> 840.41
B66: TOTAL COSTO DIRECTO $ | N66: =N37+N47+N55+N64 -> 5946.1
B68: V. COSTOS INDIRECTOS
B70: Descripción | K70: Porcentaje | L70: Valor Total
B71: ADMINISTRACION | K71: 0.2 | L71: =ROUND(N66*K71,2) -> 1189.22
B72: IMPREVISTOS | K72: 0.05 | L72: =ROUND(N66*K72,2) -> 297.31
B73: UTILIDAD | K73: 0.05 | L73: =ROUND(N66*K73,2) -> 297.31
B74: SUBTOTAL $ | N74: =L71+L72+L73 -> 1783.84
B76: Precio Unitario Total Aproximado al Peso $ | N76: =ROUND(N66+N74,0) -> 7730
E80: Firma
E81: Nombre:
E82: Profesional
E83: Matricula No. :
B85: OBSERVACIONES INTERVENTORÍA:
B88: APROBACIÓN POR INTERVENTORÍA
B89: Nota 1: Cuando se trate de Análisis de precios unitarios correspondientes a ítems de la propuesta económica aprobada, el Interventor aprueba el desglose de los componentes manteniendo el mismo precio unitario de cada ítem, cumpliendo con las especificaciones de construcción vigentes para el proyecto.
B91: Nota 2: Cuando se trate de Análisis de precios unitarios de ítems no previstos, el Interventor aprueba el desglose y precio unitario de cada ítem no previsto, exigiendo la aplicación de los costos correspondientes a insumos y tarifas de la propuesta económica inicial cuando estén contemplados, cumpliendo con las especificaciones de construcción vigente para el proyecto.
E95: Firma
E96: Nombre:
E97: Representante Legal del Interventor o su Apoderado
E98: Matricula No. :

Sheet 630.7
B1: ='1P'!$B$1 -> MUNICIPIO DE VILLA DE LEYVA – BOYACÁ NIT. 891.801.268-7 MONUMENTO NACIONAL
K4: FECHA
L5: (Día) | M5: (Mes) | N5: (Año)
B6: ITEMS DE LA PROPUESTA ECONÓMICA | F6: □ | I6: ITEMS NO PREVISTOS | K6: □
B7: ENTIDAD EJECUTORA: | D7: MUNICIPIO DE VILLA DE LEYVA | J7: DIRECCIÓN TERRITORIAL: | K7: BOYACA
B10: CONTRATO No. | C10: 2104 de 2020
B11: OBJETO DEL CONTRATO: | E11: =+'PRESUPUESTO OFICIAL'!E4:J4 -> MANTENIMIENTO, MEJORAMIENTO Y REHABILITACIÓN DEL CORREDOR RURAL "FINCA CAMPANARIO - ALTO DE LOS MIGUELES - POZO DE LA VIEJA”, EN CUMPLIMIENTO DEL CONVENIO INTERADMINISTRATIVO N° 2104 DE 2020, CELEBRADO ENTRE EL MUNICIPIO DE VILLA DE LEYVA Y EL INSTITUTO NACIONAL DE VÍAS - INVIAS, EN MARCO DEL PROGRAMA DEL COLOMBIA RURAL”
B14: CORREDOR: | C14: FINCA CAMPANARIO- ALTO DE LOS MIGUELES- POZO DE LA VIEJA | J14: SECTOR: | K14: VILLA DE LEYVA GACHANTIVA
B16: CONTRATISTA:
B18: INTERVENTOR: | K18: CTO No.: | M18: DE
B20: FECHA CIERRE PROCESO DE SELECCIÓN CONTRATO DE OBRA:
F21: (Día) | I21: (Mes) | J21: (Año)
B23: DATOS ESPECÍFICOS
B25: ITEM | C25: DESCRIPCIÓN | K25: GRUPO DE AJUSTE | L25: UNIDAD | N25: CANTIDAD
B26: ITEM | C26: DESCRIPCIÓN | L26: UNIDAD | N26: CANTIDAD
B27: 630.7 | C27: Concreto Resistencia 14MPa (G) (Ciclopeo) | L27: m3
B29: I. EQUIPO
B30: DESCRIPCIÓN | I30: TIPO | K30: TARIFA/HORA | L30: RENDIMIENTO | N30: Vr. UNITARIO
B31: Mezcladora de concreto 1 bulto | K31: 21289 | M31: 1 | N31: =ROUND(K31/M31,2) -> 21289
B32: HERRAMIENTA MENOR (%) | M32: 0.05 | N32: =ROUND(N66*M32,2) -> 7003.41
B34: SUBTOTAL $ | N34: =SUM(N31:N33) -> 28292.41
B36: II. MATERIALES
B38: DESCRIPCIÓN | J38: UNIDAD | K38: CANTIDAD | L38: PRECIO UNIT. | N38: Vr. UNITARIO
B39: Agregado para concreto hidráulico | J39: m3 | K39: 0.504 | M39: 78556.46 | N39: =ROUND(K39*M39,2) -> 39592.46
B40: Agua | J40: lt | K40: 111 | M40: 73.47 | N40: =ROUND(K40*M40,2) -> 8155.17
B41: Piedra para concreto ciclópeo (rajón o canto rodado) | J41: m3 | K41: 0.4 | M41: 61002.1 | N41: =ROUND(K41*M41,2) -> 24400.84
B42: Arena lavada | J42: m3 | K42: 0.378 | M42: 78556.46 | N42: =ROUND(K42*M42,2) -> 29694.34
B43: Cemento gris | J43: kg | K43: 156 | M43: 501.09 | N43: =ROUND(K43*M43,2) -> 78170.04
B46: SUBTOTAL $ | N46: =SUM(N39:N45) -> 180012.85
B48: III. TRANSPORTES
B50: MATERIAL | H50: UNIDAD | I50: CANTIDAD (1) | J50: DISTANCIA (2) | K50: (1) * (2) | L50: TARIFA | N50: Vr. UNITARIO
B51: Transporte de arena | H51: m3k | I51: 0.378 | J51: 9 | K51: =I51*J51 -> 3.402 | L51: 1331 | N51: =ROUND(K51*L51,2) -> 4528.06
B52: Transporte de material triturado | H52: m3k | I52: 0.504 | J52: 26.5 | K52: =I52*J52 -> 13.356 | L52: 1331 | N52: =ROUND(K52*L52,2) -> 17776.84
B53: Transporte de piedra para Ciclópeo | H53: m3k | I53: 0.4 | J53: 26.5 | K53: =I53*J53 -> 10.6 | L53: 1331 | N53: =ROUND(K53*L53,2) -> 14108.6
B57: SUBTOTAL $ | N57: =N51+N52+N53+N54+N55 -> 36413.5
B59: IV. MANO DE OBRA
B61: TRABAJADOR | I61: JORNAL | J61: PRESTACIONES (%) | K61: JORNAL TOTAL | L61: RENDIMIENTO | N61: Vr. UNITARIO
B62: Obrero (8) | I62: 242280 | J62: 185 | K62: =+I62*J62/100 -> 448218 | M62: 4 | N62: =ROUND(K62/M62,2) -> 112054.5
B63: Oficial | I63: 60570 | J63: 185 | K63: =+I63*J63/100 -> 112054.5 | M63: 4 | N63: =ROUND(K63/M63,2) -> 28013.63
B66: SUBTOTAL $ | N66: =SUM(N62:N65) -> 140068.13
B68: TOTAL COSTO DIRECTO $ | N68: =N34+N46+N57+N66 -> 384786.89
B70: V. COSTOS INDIRECTOS
B72: Descripción | K72: Porcentaje | L72: Valor Total
B73: ADMINISTRACION | K73: 0.2 | L73: =ROUND(N68*K73,2) -> 76957.38
B74: IMPREVISTOS | K74: 0.05 | L74: =ROUND(N68*K74,2) -> 19239.34
B75: UTILIDAD | K75: 0.05 | L75: =ROUND(N68*K75,2) -> 19239.34
B76: SUBTOTAL $ | N76: =L73+L74+L75 -> 115436.06
B78: Precio Unitario Total Aproximado al Peso $ | N78: =ROUND(N68+N76,0) -> 500223
E82: Firma
E83: Nombre:
E85: Matricula No. :
B87: OBSERVACIONES INTERVENTORÍA:
B90: APROBACIÓN POR INTERVENTORÍA
B91: Nota 1: Cuando se trate de Análisis de precios unitarios correspondientes a ítems de la propuesta económica aprobada, el Interventor aprueba el desglose de los componentes manteniendo el mismo precio unitario de cada ítem, cumpliendo con las especificaciones de construcción vigentes para el proyecto.
B93: Nota 2: Cuando se trate de Análisis de precios unitarios de ítems no previstos, el Interventor aprueba el desglose y precio unitario de cada ítem no previsto, exigiendo la aplicación de los costos correspondientes a insumos y tarifas de la propuesta económica inicial cuando estén contemplados, cumpliendo con las especificaciones de construcción vigente para el proyecto.
E98: Firma
E99: Nombre:
E100: Representante Legal del Interventor o su Apoderado
E101: Matricula No. :

Sheet 610.1
B1: ='1P'!$B$1 -> MUNICIPIO DE VILLA DE LEYVA – BOYACÁ NIT. 891.801.268-7 MONUMENTO NACIONAL
K4: FECHA
L5: (Día) | M5: (Mes) | N5: (Año)
B6: ITEMS DE LA PROPUESTA ECONÓMICA | F6: □ | I6: ITEMS NO PREVISTOS | K6: □
B7: ENTIDAD EJECUTORA: | D7: MUNICIPIO DE VILLA DE LEYVA | J7: DIRECCIÓN TERRITORIAL: | K7: BOYACA
B10: CONTRATO No. | C10: =+'PRESUPUESTO OFICIAL'!C4:D4 -> 2104 de 2020
B11: OBJETO DEL CONTRATO: | E11: =+'PRESUPUESTO OFICIAL'!E4:J4 -> MANTENIMIENTO, MEJORAMIENTO Y REHABILITACIÓN DEL CORREDOR RURAL "FINCA CAMPANARIO - ALTO DE LOS MIGUELES - POZO DE LA VIEJA”, EN CUMPLIMIENTO DEL CONVENIO INTERADMINISTRATIVO N° 2104 DE 2020, CELEBRADO ENTRE EL MUNICIPIO DE VILLA DE LEYVA Y EL INSTITUTO NACIONAL DE VÍAS - INVIAS, EN MARCO DEL PROGRAMA DEL COLOMBIA RURAL”
B14: CORREDOR: | C14: ='630.7'!$C$14 -> FINCA CAMPANARIO- ALTO DE LOS MIGUELES- POZO DE LA VIEJA | J14: SECTOR: | K14: =+'600.1.1'!K14:N14 -> 0
B16: CONTRATISTA:
B18: INTERVENTOR: | K18: CTO No.: | M18: DE
B20: FECHA CIERRE PROCESO DE SELECCIÓN CONTRATO DE OBRA:
F21: (Día) | I21: (Mes) | J21: (Año)
B23: DATOS ESPECÍFICOS
B25: ITEM | C25: DESCRIPCIÓN | K25: GRUPO DE AJUSTE | L25: UNIDAD | N25: CANTIDAD
B26: ITEM | C26: DESCRIPCIÓN | L26: UNIDAD | N26: CANTIDAD
B27: 610.1 | C27: Rellenos para Estructuras con Suelo. | L27: m3
B29: I. EQUIPO
B31: DESCRIPCIÓN | I31: TIPO | K31: TARIFA/HORA | L31: RENDIMIENTO | N31: Vr. UNITARIO
B32: Compactador manual (SALTARIN) Peso de operación (Kg.) 52, Fuerza de impacto por golpe (KN) 12. | K32: 20445.26 | M32: 2.5 | N32: =ROUND(K32/M32,2) -> 8178.1
B35: HERRAMIENTA MENOR (%) | M35: 0.05 | N35: =ROUND(N65*M35,2) -> 420.2
B37: SUBTOTAL $ | N37: =SUM(N32:N36) -> 8598.3
B39: II. MATERIALES
B41: DESCRIPCIÓN | J41: UNIDAD | K41: CANTIDAD | L41: PRECIO UNIT. | N41: Vr. UNITARIO
B42: Material seleccionado para Relleno | J42: m3 | K42: 1.3 | M42: =+insumos!B24 -> 15204.48 | N42: =ROUND(K42*M42,2) -> 19765.82
B43: Agua | J43: lt | K43: 30 | M43: =+insumos!B17 -> 73.47 | N43: =ROUND(K43*M43,2) -> 2204.1
B46: SUBTOTAL $ | N46: =SUM(N42:N45) -> 21969.92
B48: III. TRANSPORTES
B50: MATERIAL | H50: UNIDAD | I50: CANTIDAD (1) | J50: DISTANCIA (2) | K50: (1) * (2) | L50: TARIFA | N50: Vr. UNITARIO
B51: Transporte de material seleccionado para relleno | H51: m3km | I51: 1.3 | J51: 1 | K51: =I51*J51 -> 1.3 | L51: =+insumos!D3 -> 1331 | N51: =ROUND(K51*L51,2) -> 1730.3
B57: SUBTOTAL $ | N57: =N51+N52+N53+N54+N55 -> 1730.3
B59: IV. MANO DE OBRA
B61: TRABAJADOR | I61: JORNAL | J61: PRESTACIONES (%) | K61: JORNAL TOTAL | L61: RENDIMIENTO | N61: Vr. UNITARIO
B62: Obrero (3) | I62: =insumos!B45*3 -> 90855 | J62: 185 | K62: =+I62*J62/100 -> 168081.75 | M62: 20 | N62: =ROUND(K62/M62,2) -> 8404.09
B65: SUBTOTAL $ | N65: =SUM(N62:N64) -> 8404.09
B67: TOTAL COSTO DIRECTO $ | N67: =N37+N46+N57+N65 -> 40702.61
B69: V. COSTOS INDIRECTOS
B71: Descripción | K71: Porcentaje | L71: Valor Total
B72: ADMINISTRACION | K72: 0.2 | L72: =ROUND(N67*K72,2) -> 8140.52
B73: IMPREVISTOS | K73: 0.05 | L73: =ROUND(N67*K73,2) -> 2035.13
B74: UTILIDAD | K74: 0.05 | L74: =ROUND(N67*K74,2) -> 2035.13
B75: SUBTOTAL $ | N75: =L72+L73+L74 -> 12210.78
B77: Precio Unitario Total Aproximado al Peso $ | N77: =ROUND(N67+N75,0) -> 52913
E81: Firma
E82: Nombre:
E83: Profesional
E84: Matricula No. :
B86: OBSERVACIONES INTERVENTORÍA:
B89: APROBACIÓN POR INTERVENTORÍA
B90: Nota 1: Cuando se trate de Análisis de precios unitarios correspondientes a ítems de la propuesta económica aprobada, el Interventor aprueba el desglose de los componentes manteniendo el mismo precio unitario de cada ítem, cumpliendo con las especificaciones de construcción vigentes para el proyecto.
B92: Nota 2: Cuando se trate de Análisis de precios unitarios de ítems no previstos, el Interventor aprueba el desglose y precio unitario de cada ítem no previsto, exigiendo la aplicación de los costos correspondientes a insumos y tarifas de la propuesta económica inicial cuando estén contemplados, cumpliendo con las especificaciones de construcción vigente para el proyecto.
E98: Firma
E99: Nombre:
E100: Representante Legal del Interventor o su Apoderado
E101: Matricula No. :

Sheet 673.1.1
B1: ='1P'!$B$1 -> MUNICIPIO DE VILLA DE LEYVA – BOYACÁ NIT. 891.801.268-7 MONUMENTO NACIONAL
K4: FECHA
L5: (Día) | M5: (Mes) | N5: (Año)
B6: ITEMS DE LA PROPUESTA ECONÓMICA | F6: □ | I6: ITEMS NO PREVISTOS | K6: □
B7: ENTIDAD EJECUTORA: | D7: MUNICIPIO DE VILLA DE LEYVA | J7: DIRECCIÓN TERRITORIAL: | K7: BOYACA
B10: CONTRATO No. | C10: =+'PRESUPUESTO OFICIAL'!C4:D4 -> 2104 de 2020
B11: OBJETO DEL CONTRATO: | E11: =+'PRESUPUESTO OFICIAL'!E4:J4 -> MANTENIMIENTO, MEJORAMIENTO Y REHABILITACIÓN DEL CORREDOR RURAL "FINCA CAMPANARIO - ALTO DE LOS MIGUELES - POZO DE LA VIEJA”, EN CUMPLIMIENTO DEL CONVENIO INTERADMINISTRATIVO N° 2104 DE 2020, CELEBRADO ENTRE EL MUNICIPIO DE VILLA DE LEYVA Y EL INSTITUTO NACIONAL DE VÍAS - INVIAS, EN MARCO DEL PROGRAMA DEL COLOMBIA RURAL”
B14: CORREDOR: | C14: ='630.7'!$C$14 -> FINCA CAMPANARIO- ALTO DE LOS MIGUELES- POZO DE LA VIEJA | J14: SECTOR: | K14: =+'600.1.1'!K14:N14 -> 0
B16: CONTRATISTA:
B18: INTERVENTOR: | K18: CTO No.: | M18: DE
B20: FECHA CIERRE PROCESO DE SELECCIÓN CONTRATO DE OBRA:
F21: (Día) | I21: (Mes) | J21: (Año)
B23: DATOS ESPECÍFICOS
B25: ITEM | C25: DESCRIPCIÓN | K25: GRUPO DE AJUSTE | L25: UNIDAD | N25: CANTIDAD
B26: ITEM | C26: DESCRIPCIÓN | L26: UNIDAD | N26: CANTIDAD
B27: 673.1.1 | C27: Geotextil Tipo NT-2500 o similar no tejido | L27: m2
B29: I. EQUIPO
B30: DESCRIPCIÓN | I30: TIPO | K30: TARIFA/HORA | L30: RENDIMIENTO | N30: Vr. UNITARIO
B34: HERRAMIENTA MENOR (%) | M34: 0.05 | N34: =ROUND(N59*M34,2) -> 16.01
B36: SUBTOTAL $ | N36: =SUM(N31:N35) -> 16.01
B38: II. MATERIALES
B39: DESCRIPCIÓN | J39: UNIDAD | K39: CANTIDAD | L39: PRECIO UNIT. | N39: Vr. UNITARIO
B40: Geotextil Nt-2500 O Similar (Proveedores, Pavco, Geomatrix, Tensar, Omnes U Otros) | J40: m2 | K40: 1.05 | L40: =insumos!B11 -> 6349.04 | N40: =ROUND(K40*L40,2) -> 6666.49
B44: SUBTOTAL $ | N44: =SUM(N40:N43) -> 6666.49
B46: III. TRANSPORTES
B48: MATERIAL | H48: UNIDAD | I48: CANTIDAD (1) | J48: DISTANCIA (2) | K48: (1) * (2) | L48: TARIFA | N48: Vr. UNITARIO
B51: SUBTOTAL $ | N51: =SUM(N49:N50) -> 0
B53: IV. MANO DE OBRA
B55: TRABAJADOR | I55: JORNAL | J55: PRESTACIONES (%) | K55: JORNAL TOTAL | L55: RENDIMIENTO | N55: Vr. UNITARIO
B56: Obrero (2) | I56: =2*insumos!B45 -> 60570 | J56: 185 | K56: =+I56*J56/100 -> 112054.5 | M56: 350 | N56: =ROUND(K56/M56,2) -> 320.16
B59: SUBTOTAL $ | N59: =SUM(N56:N58) -> 320.16
B61: TOTAL COSTO DIRECTO $ | N61: =N36+N44+N51+N59 -> 7002.66
B63: V. COSTOS INDIRECTOS
B65: Descripción | K65: Porcentaje | L65: Valor Total
B66: ADMINISTRACION | K66: 0.2 | L66: =ROUND(N61*K66,2) -> 1400.53
B67: IMPREVISTOS | K67: 0.05 | L67: =ROUND(N61*K67,2) -> 350.13
B68: UTILIDAD | K68: 0.05 | L68: =ROUND(N61*K68,2) -> 350.13
B69: SUBTOTAL $ | N69: =L66+L67+L68 -> 2100.79
B71: Precio Unitario Total Aproximado al Peso $ | N71: =ROUND(N61+N69,0) -> 9103
E74: Firma
E75: Nombre:
E76: Profesional
E77: Matricula No. :
B79: OBSERVACIONES INTERVENTORÍA:
B82: APROBACIÓN POR INTERVENTORÍA
B83: Nota 1: Cuando se trate de Análisis de precios unitarios correspondientes a ítems de la propuesta económica aprobada, el Interventor aprueba el desglose de los componentes manteniendo el mismo precio unitario de cada ítem, cumpliendo con las especificaciones de construcción vigentes para el proyecto.
B85: Nota 2: Cuando se trate de Análisis de precios unitarios de ítems no previstos, el Interventor aprueba el desglose y precio unitario de cada ítem no previsto, exigiendo la aplicación de los costos correspondientes a insumos y tarifas de la propuesta económica inicial cuando estén contemplados, cumpliendo con las especificaciones de construcción vigente para el proyecto.
E91: Firma
E92: Nombre:
E93: Representante Legal del Interventor o su Apoderado
E94: Matricula No. :

Sheet 673.2
B1: ='1P'!$B$1 -> MUNICIPIO DE VILLA DE LEYVA – BOYACÁ NIT. 891.801.268-7 MONUMENTO NACIONAL
K4: FECHA
L5: (Día) | M5: (Mes) | N5: (Año)
B6: ITEMS DE LA PROPUESTA ECONÓMICA | F6: □ | I6: ITEMS NO PREVISTOS | K6: □
B7: ENTIDAD EJECUTORA: | D7: MUNICIPIO DE VILLA DE LEYVA | J7: DIRECCIÓN TERRITORIAL: | K7: BOYACA
B10: CONTRATO No. | C10: =+'PRESUPUESTO OFICIAL'!C4:D4 -> 2104 de 2020
B11: OBJETO DEL CONTRATO: | E11: =+'PRESUPUESTO OFICIAL'!E4:J4 -> MANTENIMIENTO, MEJORAMIENTO Y REHABILITACIÓN DEL CORREDOR RURAL "FINCA CAMPANARIO - ALTO DE LOS MIGUELES - POZO DE LA VIEJA”, EN CUMPLIMIENTO DEL CONVENIO INTERADMINISTRATIVO N° 2104 DE 2020, CELEBRADO ENTRE EL MUNICIPIO DE VILLA DE LEYVA Y EL INSTITUTO NACIONAL DE VÍAS - INVIAS, EN MARCO DEL PROGRAMA DEL COLOMBIA RURAL”
B14: CORREDOR: | C14: ='630.7'!$C$14 -> FINCA CAMPANARIO- ALTO DE LOS MIGUELES- POZO DE LA VIEJA | J14: SECTOR: | K14: =+'600.1.1'!K14:N14 -> 0
B16: CONTRATISTA:
B18: INTERVENTOR: | K18: CTO No.: | M18: DE
B20: FECHA CIERRE PROCESO DE SELECCIÓN CONTRATO DE OBRA:
F21: (Día) | I21: (Mes) | J21: (Año)
B23: DATOS ESPECÍFICOS
B25: ITEM | C25: DESCRIPCIÓN | K25: GRUPO DE AJUSTE | L25: UNIDAD | N25: CANTIDAD
B26: ITEM | C26: DESCRIPCIÓN | L26: UNIDAD | N26: CANTIDAD
B27: 673.2 | C27: Material granular drenante | L27: m3
B29: I. EQUIPO
B31: DESCRIPCIÓN | I31: TIPO | K31: TARIFA/HORA | L31: RENDIMIENTO | N31: Vr. UNITARIO
B33: HERRAMIENTA MENOR (%) | M33: 0.05 | N33: =ROUND(N57*M33,2) -> 336.16
B35: SUBTOTAL $ | N35: =SUM(N32:N34) -> 336.16
B37: II. MATERIALES
B39: DESCRIPCIÓN | J39: UNIDAD | K39: CANTIDAD | L39: PRECIO UNIT. | N39: Vr. UNITARIO
B40: Material drenante (3´´) | J40: m2 | K40: 1.05 | L40: =insumos!B13 -> 73488.3 | N40: =ROUND(K40*L40,2) -> 77162.72
B42: SUBTOTAL $ | N42: =SUM(N40:N41) -> 77162.72
B44: III. TRANSPORTES
B46: MATERIAL | H46: UNIDAD | I46: CANTIDAD (1) | J46: DISTANCIA (2) | K46: (1) * (2) | L46: TARIFA | N46: Vr. UNITARIO
B47: Transporte de Material Drenante | H47: m1/km | I47: 0.5 | J47: =insumos!C13 -> 26.5 | K47: =I47*J47 -> 13.25 | L47: 1331 | N47: =ROUND(K47*L47,2) -> 17635.75
B50: SUBTOTAL $ | N50: =SUM(N47:N49) -> 17635.75
B52: IV. MANO DE OBRA
B54: TRABAJADOR | I54: JORNAL | J54: PRESTACIONES (%) | K54: JORNAL TOTAL | L54: RENDIMIENTO | N54: Vr. UNITARIO
B55: Obrero (3) | I55: =3*insumos!B45 -> 90855 | J55: 185 | K55: =+I55*J55/100 -> 168081.75 | M55: 25 | N55: =ROUND(K55/M55,2) -> 6723.27
B57: SUBTOTAL $ | N57: =SUM(N55:N56) -> 6723.27
B59: TOTAL COSTO DIRECTO $ | N59: =N35+N42+N50+N57 -> 101857.9
B61: V. COSTOS INDIRECTOS
B63: Descripción | K63: Porcentaje | L63: Valor Total
B64: ADMINISTRACION | K64: 0.2 | L64: =ROUND(N59*K64,2) -> 20371.58
B65: IMPREVISTOS | K65: 0.05 | L65: =ROUND(N59*K65,2) -> 5092.9
B66: UTILIDAD | K66: 0.05 | L66: =ROUND(N59*K66,2) -> 5092.9
B67: SUBTOTAL $ | N67: =L64+L65+L66 -> 30557.38
B69: Precio Unitario Total Aproximado al Peso $ | N69: =ROUND(N59+N67,0) -> 132415
E73: Firma
E74: Nombre:
E75: Profesional
E76: Matricula No. :
B78: OBSERVACIONES INTERVENTORÍA:
B81: APROBACIÓN POR INTERVENTORÍA
B82: Nota 1: Cuando se trate de Análisis de precios unitarios correspondientes a ítems de la propuesta económica aprobada, el Interventor aprueba el desglose de los componentes manteniendo el mismo precio unitario de cada ítem, cumpliendo con las especificaciones de construcción vigentes para el proyecto.
B84: Nota 2: Cuando se trate de Análisis de precios unitarios de ítems no previstos, el Interventor aprueba el desglose y precio unitario de cada ítem no previsto, exigiendo la aplicación de los costos correspondientes a insumos y tarifas de la propuesta económica inicial cuando estén contemplados, cumpliendo con las especificaciones de construcción vigente para el proyecto.
E89: Firma
E90: Nombre:
E91: Representante Legal del Interventor o su Apoderado
E92: Matricula No. :

Sheet 310.1
B1: ='1P'!$B$1 -> MUNICIPIO DE VILLA DE LEYVA – BOYACÁ NIT. 891.801.268-7 MONUMENTO NACIONAL
K4: FECHA
L5: (Día) | M5: (Mes) | N5: (Año)
B6: ITEMS DE LA PROPUESTA ECONÓMICA | F6: □ | I6: ITEMS NO PREVISTOS | K6: □
B7: ENTIDAD EJECUTORA: | D7: MUNICIPIO DE VILLA DE LEYVA | J7: DIRECCIÓN TERRITORIAL: | K7: BOYACA
B10: CONTRATO No. | C10: =+'PRESUPUESTO OFICIAL'!C4:D4 -> 2104 de 2020
B11: OBJETO DEL CONTRATO: | E11: =+'PRESUPUESTO OFICIAL'!E4:J4 -> MANTENIMIENTO, MEJORAMIENTO Y REHABILITACIÓN DEL CORREDOR RURAL "FINCA CAMPANARIO - ALTO DE LOS MIGUELES - POZO DE LA VIEJA”, EN CUMPLIMIENTO DEL CONVENIO INTERADMINISTRATIVO N° 2104 DE 2020, CELEBRADO ENTRE EL MUNICIPIO DE VILLA DE LEYVA Y EL INSTITUTO NACIONAL DE VÍAS - INVIAS, EN MARCO DEL PROGRAMA DEL COLOMBIA RURAL”
B14: CORREDOR: | C14: ='630.7'!$C$14 -> FINCA CAMPANARIO- ALTO DE LOS MIGUELES- POZO DE LA VIEJA | J14: SECTOR: | K14: =+'PRESUPUESTO OFICIAL'!N54 -> 0
B16: CONTRATISTA:
B18: INTERVENTOR: | K18: CTO No.: | M18: DE
B20: FECHA CIERRE PROCESO DE SELECCIÓN CONTRATO DE OBRA:
F21: (Día) | I21: (Mes) | J21: (Año)
B23: DATOS ESPECÍFICOS
B25: ITEM | C25: DESCRIPCIÓN | K25: GRUPO DE AJUSTE | L25: UNIDAD | N25: CANTIDAD
B26: ITEM | C26: DESCRIPCIÓN | L26: UNIDAD | N26: CANTIDAD
B27: 310.1 | C27: CONFORMACIÓN DE LA CALZADA EXISTENTE | L27: m2
B29: I. EQUIPO
B30: DESCRIPCIÓN | I30: TIPO | K30: TARIFA/HORA | L30: RENDIMIENTO | N30: Vr. UNITARIO
B31: Carrotanque de agua(1000 Galones) | K31: 69513.88 | M31: 600 | N31: =ROUND(K31/M31,2) -> 115.86
B32: Motoniveladora potencia 215 HP, ancho de cuchilla 4,27 m, peso 18 ton. | K32: 194229.96 | M32: 600 | N32: =ROUND(K32/M32,2) -> 323.72
B33: Vibrocompatador, potencia 153 HP, peso 10 Ton. | K33: 138005.5 | M33: 600 | N33: =ROUND(K33/M33,2) -> 230.01
B35: HERRAMIENTA MENOR (%) | M35: 0.01 | N35: =ROUND(N64*M35,2) -> 0.47
B37: SUBTOTAL $ | N37: =SUM(N31:N36) -> 670.06
B39: II. MATERIALES
B41: DESCRIPCIÓN | J41: UNIDAD | K41: CANTIDAD | L41: PRECIO UNIT. | N41: Vr. UNITARIO
B42: Agua | J42: lt | K42: 3 | L42: =insumos!B17 -> 73.47 | N42: =K42*L42 -> 220.41
B45: SUBTOTAL $ | N45: =SUM(N42:N44) -> 220.41
B47: III. TRANSPORTES
B49: MATERIAL | H49: UNIDAD | I49: CANTIDAD (1) | J49: DISTANCIA (2) | K49: (1) * (2) | L49: TARIFA | N49: Vr. UNITARIO
B53: SUBTOTAL $
B55: IV. MANO DE OBRA
B57: TRABAJADOR | I57: JORNAL | J57: PRESTACIONES (%) | K57: JORNAL TOTAL | L57: RENDIMIENTO | N57: Vr. UNITARIO
B58: Oficial | I58: =+insumos!B46 -> 60570 | J58: 185 | K58: =+I58*J58/100 -> 112054.5 | M58: 4800 | N58: =ROUND(K58/M58,2) -> 23.34
B59: Obrero (2) | I59: =+insumos!B45*2 -> 60570 | J59: 185 | K59: =+I59*J59/100 -> 112054.5 | M59: 4800 | N59: =ROUND(K59/M59,2) -> 23.34
B64: SUBTOTAL $ | N64: =SUM(N58:N63) -> 46.68
B66: TOTAL COSTO DIRECTO $ | N66: =N37+N45+N53+N64 -> 937.15
B68: V. COSTOS INDIRECTOS
B69: Descripción | K69: Porcentaje | L69: Valor Total
B70: ADMINISTRACION | K70: 0.2 | L70: =ROUND(N66*K70,2) -> 187.43
B71: IMPREVISTOS | K71: 0.05 | L71: =ROUND(N66*K71,2) -> 46.86
B72: UTILIDAD | K72: 0.05 | L72: =ROUND(N66*K72,2) -> 46.86
B73: SUBTOTAL $ | N73: =L70+L71+L72 -> 281.15
B75: Precio Unitario Total Aproximado al Peso $ | N75: =ROUND(N66+N73,0) -> 1218
E78: Firma
E79: Nombre:
E80: Profesional
E81: Matricula No. :
B83: OBSERVACIONES INTERVENTORÍA:
B86: APROBACIÓN POR INTERVENTORÍA
B87: Nota 1: Cuando se trate de Análisis de precios unitarios correspondientes a ítems de la propuesta económica aprobada, el Interventor aprueba el desglose de los componentes manteniendo el mismo precio unitario de cada ítem, cumpliendo con las especificaciones de construcción vigentes para el proyecto.
B89: Nota 2: Cuando se trate de Análisis de precios unitarios de ítems no previstos, el Interventor aprueba el desglose y precio unitario de cada ítem no previsto, exigiendo la aplicación de los costos correspondientes a insumos y tarifas de la propuesta económica inicial cuando estén contemplados, cumpliendo con las especificaciones de construcción vigente para el proyecto.
E94: Firma
E95: Nombre:
E96: Representante Legal del Interventor o su Apoderado
E97: Matricula No. :

Sheet 311,1
B1: ='1P'!$B$1 -> MUNICIPIO DE VILLA DE LEYVA – BOYACÁ NIT. 891.801.268-7 MONUMENTO NACIONAL
K4: FECHA
L5: (Día) | M5: (Mes) | N5: (Año)
B6: ITEMS DE LA PROPUESTA ECONÓMICA | F6: □ | I6: ITEMS NO PREVISTOS | K6: □
B7: ENTIDAD EJECUTORA: | D7: MUNICIPIO DE VILLA DE LEYVA | J7: DIRECCIÓN TERRITORIAL: | K7: BOYACA
B10: CONTRATO No. | C10: =+'PRESUPUESTO OFICIAL'!C4:D4 -> 2104 de 2020
B11: OBJETO DEL CONTRATO: | E11: =+'PRESUPUESTO OFICIAL'!E4:J4 -> MANTENIMIENTO, MEJORAMIENTO Y REHABILITACIÓN DEL CORREDOR RURAL "FINCA CAMPANARIO - ALTO DE LOS MIGUELES - POZO DE LA VIEJA”, EN CUMPLIMIENTO DEL CONVENIO INTERADMINISTRATIVO N° 2104 DE 2020, CELEBRADO ENTRE EL MUNICIPIO DE VILLA DE LEYVA Y EL INSTITUTO NACIONAL DE VÍAS - INVIAS, EN MARCO DEL PROGRAMA DEL COLOMBIA RURAL”
B14: CORREDOR: | C14: ='630.7'!$C$14 -> FINCA CAMPANARIO- ALTO DE LOS MIGUELES- POZO DE LA VIEJA | J14: SECTOR: | K14: =+'PRESUPUESTO OFICIAL'!N54 -> 0
B16: CONTRATISTA:
B18: INTERVENTOR: | K18: CTO No.: | M18: DE
B20: FECHA CIERRE PROCESO DE SELECCIÓN CONTRATO DE OBRA:
F21: (Día) | I21: (Mes) | J21: (Año)
B23: DATOS ESPECÍFICOS
B25: ITEM | C25: DESCRIPCIÓN | K25: GRUPO DE AJUSTE | L25: UNIDAD | N25: CANTIDAD
B26: ITEM | C26: DESCRIPCIÓN | L26: UNIDAD | N26: CANTIDAD
B27: 311.1 | C27: AFIRMADO | L27: m3
B29: I. EQUIPO
B30: DESCRIPCIÓN | I30: TIPO | K30: TARIFA/HORA | L30: RENDIMIENTO | N30: Vr. UNITARIO
B31: Carrotanque de agua(1000 Galones) | K31: 69513.88 | M31: 45 | N31: =ROUND(K31/M31,2) -> 1544.75
B32: Motoniveladora potencia 215 HP, ancho de cuchilla 4,27 m, peso 18 ton. | K32: 194229.96 | M32: 45 | N32: =ROUND(K32/M32,2) -> 4316.22
B33: Vibrocompatador, potencia 153 HP, peso 10 Ton. | K33: 138005.5 | M33: 45 | N33: =ROUND(K33/M33,2) -> 3066.79
B34: HERRAMIENTA MENOR (%) | M34: 0.02 | N34: =ROUND(N62*M34,2) -> 12.45
B36: SUBTOTAL $ | N36: =SUM(N31:N35) -> 8940.21
B38: II. MATERIALES
B39: DESCRIPCIÓN | J39: UNIDAD | K39: CANTIDAD | L39: PRECIO UNIT. | N39: Vr. UNITARIO
B40: Agua | J40: lt | K40: 25 | M40: =insumos!B17 -> 73.47 | N40: =K40*M40 -> 1836.75
B41: Material de afirmado de la Zona | J41: m3 | K41: 1.25 | M41: =insumos!B10 -> 40545.27 | N41: =ROUND(K41*M41,2) -> 50681.59
B44: SUBTOTAL $ | N44: =SUM(N40:N43) -> 52518.34
B46: III. TRANSPORTES
B48: MATERIAL | H48: UNIDAD | I48: CANTIDAD (1) | J48: DISTANCIA (2) | K48: (1) * (2) | L48: TARIFA | N48: Vr. UNITARIO
B49: Transporte de Material de Afirmado de la Zona | H49: m3km | I49: 1.25 | J49: =+insumos!$C$10 -> 1 | K49: =I49*J49 -> 1.25 | L49: =+insumos!D10 -> 1280 | N49: =ROUND(K49*L49,2) -> 1600
B54: SUBTOTAL $ | N54: =N49+N50+N51+N52+N53 -> 1600
B56: IV. MANO DE OBRA
B58: TRABAJADOR | I58: JORNAL | J58: PRESTACIONES (%) | K58: JORNAL TOTAL | L58: RENDIMIENTO | N58: Vr. UNITARIO
B59: Oficial | I59: =+insumos!B46 -> 60570 | J59: 185 | K59: =+I59*J59/100 -> 112054.5 | M59: 360 | N59: =ROUND(K59/M59,2) -> 311.26
B60: Obrero (2) | I60: =insumos!B45*2 -> 60570 | J60: 185 | K60: =+I60*J60/100 -> 112054.5 | M60: 360 | N60: =ROUND(K60/M60,2) -> 311.26
B62: SUBTOTAL $ | N62: =SUM(N59:N61) -> 622.52
B64: TOTAL COSTO DIRECTO $ | N64: =N36+N44+N54+N62 -> 63681.07
B66: V. COSTOS INDIRECTOS
B68: Descripción | K68: Porcentaje | L68: Valor Total
B69: ADMINISTRACION | K69: 0.2 | L69: =ROUND(N64*K69,2) -> 12736.21
B70: IMPREVISTOS | K70: 0.05 | L70: =ROUND(N64*K70,2) -> 3184.05
B71: UTILIDAD | K71: 0.05 | L71: =ROUND(N64*K71,2) -> 3184.05
B72: SUBTOTAL $ | N72: =L69+L70+L71 -> 19104.31
B74: Precio Unitario Total Aproximado al Peso $ | N74: =ROUND(N64+N72,0) -> 82785
E77: Firma
E78: Nombre:
E79: Profesional
E80: Matricula No. :
B82: OBSERVACIONES INTERVENTORÍA:
B85: APROBACIÓN POR INTERVENTORÍA
B86: Nota 1: Cuando se trate de Análisis de precios unitarios correspondientes a ítems de la propuesta económica aprobada, el Interventor aprueba el desglose de los componentes manteniendo el mismo precio unitario de cada ítem, cumpliendo con las especificaciones de construcción vigentes para el proyecto.
B88: Nota 2: Cuando se trate de Análisis de precios unitarios de ítems no previstos, el Interventor aprueba el desglose y precio unitario de cada ítem no previsto, exigiendo la aplicación de los costos correspondientes a insumos y tarifas de la propuesta económica inicial cuando estén contemplados, cumpliendo con las especificaciones de construcción vigente para el proyecto.
E93: Firma
E94: Nombre:
E95: Representante Legal del Interventor o su Apoderado
E96: Matricula No. :

Sheet insumos
A2: DISTANCIA INSUMOS | D2: VALOR m3/Km
A3: insumos | B3: vr unitario | C3: distancia a la cantera (km) | D3: 1331
A4: arena lavada | B4: 78556.46 | C4: 9
A5: gravilla | B5: 78556 | C5: 26.5
A6: cemento | B6: 501.09 | C6: 1
A7: concreto 21 | B7: 381378.94 | C7: 50.1 | D7: 1382
A8: tuberia 36 | B8: 291419.13 | C8: 48.7
A9: subbase | B9: 45613.43 | C9: 26.5
A10: afirmado | B10: 40545.27 | C10: 1 | D10: 1280
A11: Geotextil NT-2000 m2 | B11: 6349.04 | D11: 1280
A12: Tuberia drenaje 4" | B12: 19040 | C12: 1
A13: Material drenante | B13: 73488.3 | C13: 26.5
A14: Triturado | B14: 78556 | C14: 26.5
A15: Piedra para ciclopedo | B15: 61002.1
A16: Solado | B16: 44346.39
A17: Agua | B17: 73.47
A18: Agregado concr hidraulico | B18: 78556.46 | C18: 26.5
A19: Formaleta | B19: 6000
A20: Acero PDR-60 | B20: 4677.71
A21: Alambre negro | B21: 4897.8
A22: Antisol Blanco | B22: 6250.02
A23: Mortero 1:3 | B23: 349029 | C23: 1 | D23: 1271
A24: Material de Relleno | B24: 15204.48 | C24: 1
A25: Cemento Asfaltico 60-70 | B25: 1546.0014
A26: concreto 14 MPA | B26: 359434 | C26: 50.1 | D26: 1382
A27: Material de Sub- Base | B27: 45613.428 | C27: 26.5 | D27: 1280
A28: Material de base | B28: 57016.785 | C28: 26.5 | D28: 1280
A29: Emulsion Asfaltica | B29: 1234
A30: Mezcla Semidensa en Caliente MSC-19 | B30: 295791.33 | C30: 8.21 | D30: 1536
A31: Esferas reflectivas | B31: 6335.1984
A32: Pintura acrílica pura para tráfico | B32: 79855.442
A33: Disolvente para pintura Trafico (acrílico) | B33: 30000
A34: Poste en angulo de 2*2*1/4 de 3,5m para señal | B34: 126703.97
A35: Señal (grupo 1). Tablero en lámina galvanizada de 75cm*75cm, calibre 16, reflectivo tipo 1/ incluye poste ) | B35: 278748.73
A44: jornales | B44: vr unitario
A45: obrero | B45: 30285
A46: oficial | B46: =+B45*2 -> 60570
A47: Rastrilleros | B47: 80014.683
